 Dungeon Crawl Stone Soup version 0.30-a0-738-g116ff8c4af (webtiles) character file.

Game seed: 6442849849627732934

15160471 Dirtsage the Conqueror (level 27, 224/224 HPs)
             Began as an Octopode Transmuter on Jan 31, 2023.
             Was the Champion of the Shining One.
             Escaped with the Orb
             ... and 15 runes on Feb 3, 2023!
             The game lasted 08:42:02 (104502 turns).

Dirtsage the Conqueror (Octopode Transmuter)      Turns: 104502, Time: 08:42:03

Health: 224/224    AC: 27    Str: 26    XL:     27
Magic:  63/63      EV: 60    Int: 37    God:    the Shining One [******]
Gold:   11253      SH:  0    Dex: 23    Spells: 5/80 levels left

rFire   + . .      SeeInvis +      - Unarmed
rCold   + . .      Faith    .    (shield currently unavailable)
rNeg    + + +      Spirit   .    (helmet currently unavailable)
rPois   ∞          Reflect  .    A - dreamshard necklace {*Dream Drain}
rElec   +          Harm     .    Z - ring of Conformity {Wiz Will+}
rCorr   +          Rampage  .    K - ring "Huonusot" {Will+ rCorr Str+3 Int+2}
Will    +++++      Archmagi +    V - ring "Xokhlicky" {EV+5 Dex+5}
Stlth   +          Clarity  +    G - ring of Vobenn {Str+6 Dex+4}
HPRegen 1.37/turn                L - +6 ring of intelligence
MPRegen 0.38/turn                I - ring of Molupyki {*Corrode rC+ Will+ EV+5 SInv}
                                 y - ring of Miracles {rF+ MP+9 Dex+3}
                                 F - ring of the Mage {Wiz Archmagi}

@: storm-form, flying, glowing, studying Ranged Weapons
A: cleaving, insubstantial, flying, almost no armour, amphibious, 8 rings,
(camouflage 1), (gelatinous body 1), (nimble swimmer 1), (tentacles), clarity,
clever 1, regeneration 1, strong 2, inability to drink after injury 1
0: Orb of Zot
}: 15/15 runes: decaying, serpentine, slimy, silver, golden, iron, obsidian,
icy, bone, abyssal, demonic, glowing, magical, fiery, dark
a: Blinkbolt, End Transformation, Renounce Religion, Divine Shield, Cleansing
Flame, Summon Divine Warrior, Brand Weapon With Holy Wrath


You escaped.
You worshipped the Shining One.
The Shining One was exalted by your worship.
You were a lightning-filled tempest!
You visited 18 branches of the dungeon, and saw 87 of its levels.
You visited Pandemonium 1 time, and saw 15 of its levels.
You visited the Abyss 3 times.
You visited 1 bazaar.
You completed 1 ziggurat, and saw 27 of its levels.
You also visited: Gauntlet and Ice Cave.

You collected 20832 gold pieces.
You spent 9579 gold pieces at shops.

Inventory:

Armour
 p - the +3 warlock's mirror {omnireflect}
   (You found it on level 5 of a ziggurat)

   Omnireflect: It can block and reflect piercing ranged attacks and magical
   attacks against the wielder's willpower.
 H - the -2 hat of the Alchemist (melded) {rElec rPois rF+ rC+ rN+ Will+ rMut rCorr}
   (You acquired it on level 5 of the Vaults)

   rF:        It protects you from fire.
   rC:        It protects you from cold.
   rElec:     It insulates you from electricity.
   rPois:     It protects you from poison.
   rN:        It protects you from negative energy.
   rCorr:     It protects you from acid and corrosion.
   rMut:      It protects you from mutation.
   Will:      It increases your willpower.
Magical Staves
 X - a staff of air (melded)
Jewellery
 f - a +6 ring of intelligence
 v - a ring of willpower
 y - the ring of Miracles (on tentacle) {rF+ MP+9 Dex+3}
   (You found it in Pandemonium)

   [ring of magical power]

   Dex:       It affects your dexterity (+3).
   rF:        It protects you from fire.
   MP:        It affects your magic capacity (+9).
 A - the dreamshard necklace (around neck) {*Dream Drain}
   (You found it on level 7 of a ziggurat)

   [amulet of nothing]

   *Dream:    It shatters if its wearer takes lethal or near-lethal damage,
   preventing the blow and releasing protective dreams that heal and fight for
   the wearer.
   Drain:     It drains your maximum health when unequipped.
 C - the amulet "Xuhun" {rF+ Regen+}
   (You found it on level 7 of the Iron City of Dis)

   [amulet of regeneration]

   rF:        It protects you from fire.
   Regen:     It increases your rate of health regeneration.
 F - the ring of the Mage (on tentacle) {Wiz Archmagi}
   (You found it on level 7 of Gehenna)

   [ring of wizardry]

   It improves your spell success rate.
   Archmagi:  It increases the power of your magical spells.
 G - the ring of Vobenn (on tentacle) {Str+6 Dex+4}
   (You found it on level 5 of the Pits of Slime)

   [ring of strength]

   Str:       It affects your strength (+6).
   Dex:       It affects your dexterity (+4).
 I - the ring of Molupyki (on tentacle) {*Corrode rC+ Will+ EV+5 SInv}
   (You found it on level 24 of a ziggurat)

   [ring of evasion]

   EV:        It affects your evasion (+5).
   rC:        It protects you from cold.
   SInv:      It lets you see invisible.
   *Corrode:  It may corrode you when you take damage.
   Will:      It increases your willpower.
 J - a ring of protection from cold
 K - the ring "Huonusot" (right tentacle) {Will+ rCorr Str+3 Int+2}
   (You acquired it on level 5 of a ziggurat)

   [ring of resist corrosion]

   Str:       It affects your strength (+3).
   Int:       It affects your intelligence (+2).
   rCorr:     It protects you from acid and corrosion.
   Will:      It increases your willpower.
 L - a +6 ring of intelligence (on tentacle)
 M - the amulet of the Air {Inacc Air Fly rElec RMsl}
   (You bought it in a shop on level 1 of the Depths)

   [amulet of nothing]

   Inacc:     It reduces the accuracy of your attacks and spells.
   Air:       It enhances your air magic.
   rElec:     It insulates you from electricity.
   Fly:       It grants you flight.
   RMsl:      It protects you from missiles.
 N - the ring "Anomuul" {rF+ rC+ Str-5 SInv}
   (You found it on level 3 of the Crypt)

   [ring of protection from fire]

   Str:       It affects your strength (-5).
   rF:        It protects you from fire.
   rC:        It protects you from cold.
   SInv:      It lets you see invisible.
 P - the ring "Kuetub" {rC+ Dex+3 Stlth+}
   (You found it on level 7 of Gehenna)

   [ring of protection from cold]

   Dex:       It affects your dexterity (+3).
   rC:        It protects you from cold.
   Stlth:     It makes you more stealthy.
 S - the ring of Boekegg {rCorr MP+9 Int+5}
   (You found it on level 7 of the Iron City of Dis)

   [ring of magical power]

   Int:       It affects your intelligence (+5).
   MP:        It affects your magic capacity (+9).
   rCorr:     It protects you from acid and corrosion.
 U - the ring of Cowesask {rN+ Str-5 Int+9 SInv}
   (You found it on level 3 of the Crypt)

   [ring of positive energy]

   Str:       It affects your strength (-5).
   Int:       It affects your intelligence (+9).
   rN:        It protects you from negative energy.
   SInv:      It lets you see invisible.
 V - the ring "Xokhlicky" (on tentacle) {EV+5 Dex+5}
   (You acquired it on level 4 of the Depths)

   [ring of evasion]

   EV:        It affects your evasion (+5).
   Dex:       It affects your dexterity (+5).
 W - the ring "Pauwoci" {rN+ Str+4 SInv}
   (You found it on level 3 of the Crypt)

   [ring of positive energy]

   Str:       It affects your strength (+4).
   rN:        It protects you from negative energy.
   SInv:      It lets you see invisible.
 Y - the amulet of the Four Winds {rN+ Will+++ Clar}
   (You took it off a deep elf elementalist on level 3 of the Elven Halls)

   [amulet of nothing]

   rN:        It protects you from negative energy.
   Clar:      It protects you against confusion.
   Will:      It greatly increases your willpower.
 Z - the ring of Conformity (left tentacle) {Wiz Will+}
   (You bought it in a shop on level 1 of the Depths)

   [ring of wizardry]

   It improves your spell success rate.
   Will:      It increases your willpower.
Wands
 D - a wand of digging (33)
Scrolls
 e - 13 scrolls of immolation
 g - 11 scrolls of fear
 i - 5 scrolls of silence
 j - 7 scrolls of summoning
 k - 6 scrolls of magic mapping
 s - 11 scrolls of enchant armour
 t - 43 scrolls of teleportation
 u - 15 scrolls of amnesia
 z - 18 scrolls of fog
 B - 14 scrolls of blinking
 E - 10 scrolls of poison
Potions
 a - 13 potions of lignification
 b - 7 potions of magic
 c - 9 potions of cancellation
 d - 9 potions of might
 h - 4 potions of haste
 l - 15 potions of heal wounds
 m - 9 potions of brilliance
 n - 3 potions of resistance
 q - 28 potions of curing
 r - 13 potions of flight
 w - 12 potions of ambrosia
 Q - 31 potions of mutation
 R - 9 potions of berserk rage
Miscellaneous
 o - a phantom mirror
 x - 2 +1 figurines of a ziggurat
 O - a phantom mirror
 T - a phantom mirror


   Skills:
 O Level 27 Fighting
 - Level 23.8 Dodging
 - Level 7.3 Stealth
 - Level 12.7 Shields
 O Level 27 Unarmed Combat
 O Level 27 Spellcasting
 + Level 23.7 Conjurations
 - Level 12.0 Hexes
 - Level 14.0 Translocations
 + Level 25.3 Transmutations
 - Level 9.0 Fire Magic
 - Level 21.0 Ice Magic
 + Level 25.4 Air Magic
 - Level 12.0 Earth Magic
 - Level 19.4 Invocations
 - Level 8.7 Evocations


You had 5 spell levels left.
You knew the following spells:

 Your Spells              Type           Power      Damage    Failure   Level
a - Storm Form            Tmut/Air       75%        N/A       0%          7
b - Wereblood             Tmut           100%       N/A       0%          2
c - Vhi's Electric Charg  Tloc/Air       100%       N/A       0%          3
d - Polar Vortex          Ice            71%        N/A       1%          9
e - Passage of Golubria   Tloc           100%       N/A       0%          4
f - Yara's Violent Unrav  Hex/Tmut       68%        3d25      0%          5
g - Arcjolt               Conj/Air       74%        1d84      0%          5
h - Enfeeble              Hex            59%        N/A       1%          7
i - Lesser Beckoning      Tloc           100%       N/A       0%          2
j - Manifold Assault      Tloc           100%       N/A       0%          4
k - Statue Form           Tmut/Erth      90%        N/A       1%          6
l - Disjunction           Tloc           62%        N/A       2%          8
m - Chain Lightning       Conj/Air       74%        3d99      1%          9
n - Apportation           Tloc           100%       N/A       0%          1
A - Ozocubu's Armour      Ice            100%       N/A       0%          3

Your spell library contained the following spells:

 Spells                   Type           Power      Damage    Failure   Level
 Beastly Appendage        Tmut           100%       N/A       0%          1
 Foxfire                  Conj/Fire      100%       2x1d9     0%          1
 Freeze                   Ice            100%       1d10      0%          1
 Kiss of Death            Conj/Necr      100%       2d13      0%          1
 Magic Dart               Conj           100%       1d8       0%          1
 Sandblast                Erth           100%       2d20      0%          1
 Shock                    Conj/Air       100%       1d9       0%          1
 Slow                     Hex            100%       N/A       0%          1
 Sting                    Tmut/Pois      100%       1d8       0%          1
 Blink                    Tloc           100%       N/A       0%          2
 Cigotuvi's Dreadful Rot  Necr/Pois/Air  100%       N/A       0%          2
 Ensorcelled Hibernation  Hex/Ice        100%       N/A       0%          2
 Momentum Strike          Conj/Tloc      100%       3d10      0%          2
 Passwall                 Tmut/Erth      100%       N/A       0%          2
 Poisonous Vapours        Pois/Air       100%       N/A       0%          2
 Scorch                   Fire           100%       2d10      0%          2
 Confusing Touch          Hex            100%       N/A       0%          3
 Dazzling Flash           Conj/Hex       100%       N/A       0%          3
 Frozen Ramparts          Ice            100%       1d16      0%          3
 Gell's Gravitas          Tloc           100%       N/A       0%          3
 Hailstorm                Conj/Ice       100%       3d20      0%          3
 Ignite Poison            Fire/Tmut/Pois 100%       N/A       0%          3
 Inner Flame              Hex/Fire       100%       N/A       0%          3
 Kindle Blastsparks       Fire/Tloc/Air  100%       2d18      0%          3
 Mephitic Cloud           Conj/Pois/Air  100%       N/A       0%          3
 Portal Projectile        Hex/Tloc       100%       N/A       0%          3
 Spider Form              Tmut/Pois      100%       N/A       0%          3
 Stone Arrow              Conj/Erth      100%       3d13      0%          3
 Swiftness                Air            100%       N/A       0%          3
 Teleport Other           Tloc           100%       N/A       0%          3
 Tukima's Dance           Hex            100%       N/A       0%          3
 Airstrike                Air            75%        2d(11-27) 0%          4
 Flame Wave               Conj/Fire      100%       2d21      0%          4
 Fulminant Prism          Conj/Hex       67%        3d28      0%          4
 Ice Form                 Ice/Tmut       100%       N/A       0%          4
 Iskenderun's Mystic Bla  Conj/Tloc      100%       2d19      0%          4
 Petrify                  Tmut/Erth      100%       N/A       0%          4
 Sticky Flame             Conj/Fire      100%       2d11      0%          4
 Summon Lightning Spire   Summ/Air       100%       N/A       0%          4
 Blade Hands              Tmut           75%        N/A       0%          5
 Fireball                 Conj/Fire      65%        3d25      0%          5
 Freezing Cloud           Conj/Ice/Air   73%        6-21      0%          5
 Irradiate                Conj/Tmut      74%        3d36      0%          5
 Iskenderun's Battlesphe  Conj           100%       2d15      0%          5
 Lightning Bolt           Conj/Air       74%        1d100     0%          5
 Metabolic Englaciation   Hex/Ice        65%        N/A       0%          5
 Silence                  Hex/Air        68%        N/A       0%          5
 Necrotise                Necr           100%       1d9       1%          1
 Summon Small Mammal      Summ           100%       N/A       1%          1
 Call Imp                 Summ           66%        N/A       1%          2
 Sublimation of Blood     Necr           66%        N/A       1%          2
 Call Canine Familiar     Summ           66%        N/A       1%          3
 Summon Guardian Golem    Hex/Summ       96%        N/A       1%          3
 Vampiric Draining        Necr           66%        2d10      1%          3
 Anguish                  Hex/Necr       48%        N/A       1%          4
 Animate Dead             Necr           66%        N/A       1%          4
 Dispel Undead            Necr           66%        3d23      1%          4
 Leda's Liquefaction      Hex/Erth       59%        N/A       1%          4
 Olgreb's Toxic Radiance  Pois           66%        N/A       1%          4
 Summon Ice Beast         Ice/Summ       100%       N/A       1%          4
 Alistair's Intoxication  Tmut/Pois      80%        N/A       1%          5
 Lee's Rapid Deconstruct  Erth           59%        3d27*     1%          5
 Summon Forest            Summ/Tloc      50%        N/A       1%          5
 Summon Mana Viper        Hex/Summ       96%        N/A       1%          5
 Agony                    Necr           66%        N/A       3%          5
 Conjure Ball Lightning   Conj/Air       74%        3x3d27    0%          6
 Dragon Form              Tmut           75%        N/A       0%          7
 Dispersal                Tloc           62%        N/A       1%          6
 Eringya's Noxious Bog    Tmut/Pois      60%        N/A       1%          6
 Iron Shot                Conj/Erth      67%        9d12      1%          6
 Simulacrum               Ice/Necr       56%        N/A       1%          6
 Starburst                Conj/Fire      65%        6d17      1%          6
 Ozocubu's Refrigeration  Ice            71%        4d23      1%          7
 Spellforged Servitor     Conj/Summ      58%        N/A       1%          7
 Lehudib's Crystal Spear  Conj/Erth      67%        10d15     1%          8
 Maxwell's Capacitive Co  Air            75%        ∞         1%          8
 Necromutation            Tmut/Necr      60%        N/A       4%          8
 Malign Gateway           Summ/Tloc      50%        N/A       5%          7
 Discord                  Hex            59%        N/A       5%          8
 Fire Storm               Conj/Fire      65%        8d16      13%         9
 Summon Cactus Giant      Summ           33%        N/A       16%         6
 Ignition                 Fire           54%        3d15      16%         8
 Shatter                  Erth           59%        3d44*     54%         9
 Haunt                    Necr/Summ      33%        N/A       58%         7
 Monstrous Menagerie      Summ           33%        N/A       58%         7
 Summon Hydra             Summ           33%        N/A       58%         7
 Borgnjor's Revivificati  Necr           33%        N/A       99%         8
 Infestation              Necr           33%        N/A       99%         8
 Summon Horrible Things   Summ           33%        N/A       99%         8
 Death's Door             Necr           33%        N/A       100%        9
 Animate Armour           Summ/Erth      Unusable   N/A       N/A         4

Dungeon Overview and Level Annotations

Branches:
Dungeon (15/15)            Temple (1/1) D:4            Lair (5/5) D:8
  Swamp (4/4) Lair:2        Snake (4/4) Lair:2        Slime (5/5) Lair:5
    Orc (2/2) D:12            Elf (3/3) Orc:2        Vaults (5/5) D:14
  Crypt (3/3) Vaults:2       Tomb (3/3) Crypt:3      Depths (4/4) D:15
   Hell (visited)             Dis (7/7) Hell            Geh (7/7) Hell
    Coc (7/7) Hell            Tar (7/7) Hell            Zot (5/5) Depths:4
  IceCv (visited)         Gauntlet (visited)

Altars:
Ashenzari
Cheibriados
Dithmenos
Elyvilon
Fedhas
Hepliaklqana
Kikubaaqudgha
Makhleb
Okawaru
Qazlal
Ru
Trog
Vehumet
Wu Jian
Xom
Yredelemnul
The Shining One
Jiyva

Shops:
D:6 !   D:10 !:*?   D:15 *   Orc:2 **=[   Elf:1 [   Elf:2 *   Elf:3 *[*([(
Depths:1 :=::   Depths:2 =   Depths:3 :

Portals:
Hell: Depths:1 Depths:2 Depths:3 Depths:4
Abyss: Depths:2 Depths:3
Pandemonium: Depths:2 Depths:3 Depths:4

Annotations:
D:3 1 runed translucent door, Crazy Yiuf


Innate Abilities, Weirdness & Mutations

You are a lightning-filled tempest!
Your electrical attacks strike out in all directions at once.
You are incredibly evasive.
Your insubstantial body is immune to petrification, constriction, and being set on fire You are flying.
You are immune to poison.
Your armour is entirely melded.
You are incapable of wielding weapons or throwing items.
You cannot wear most types of armour.
You are amphibious.
You can wear up to eight rings at the same time.
((Your skin changes colour to match your surroundings (Stealth+).))
((Your rubbery body absorbs attacks. (AC +1, EV +1)))
((You are camouflaged when in or above water. (Stealth+)))
((You have tentacles for arms and can constrict up to eight enemies at once.))
You possess an exceptional clarity of mind.
Your mind is acute. (Int +4, Str/Dex -1)
Your natural rate of healing is unusually fast.
Your muscles are very strong. (Str +8, Int/Dex -2)
You occasionally lose the ability to drink potions when taking damage.


Message History

Confirm with . or Enter, or press ? or * to list all spells.
You feel a surge of power!
Your blood is freshly infused with primal strength!
You now have 61/63 mp.
A divine shield forms around you!
You now have 58/63 mp.
As you read the scroll of teleportation, it crumbles to dust.
You feel strangely unstable.
You feel the Orb delaying your translocation!
Your transformation is almost over.
MP restored: 63 Your surroundings suddenly seem different.
Your transformation has ended.
Your staff of air unmelds from your body.
The -2 hat of the Alchemist {rElec rPois rF+ rC+ rN+ Will+ rMut rCorr} unmelds from your body.
There is a stone staircase leading up here.
Casting: Wereblood (safe; 0% risk of failure)
Confirm with . or Enter, or press ? or * to list all spells.
You feel a strong surge of power!
You turn into a lightning-filled tempest!
Your staff of air melds into your body.
The -2 hat of the Alchemist {rElec rPois rF+ rC+ rN+ Will+ rMut rCorr} melds into your body.
A hellion comes into view.
You now have 56/63 mp.
You can't go down here!
You fly upwards.
There is a stone staircase leading down here.
There is an escape hatch in the ceiling here.
A mysterious force pulls you upwards. The hatch slams shut behind you.
Things that are here:
4 stones; a +0 short sword MP restored: 63 Your primal bloodlust is almost over.
Your primal bloodlust has ended.
There is an empty arch of ancient stone here.
There is a fountain of clear blue water here.
A hell beast comes into view.
There is a staircase leading out of the dungeon here.
Your divine shield fades away.
You have escaped!

..#####....# ###...##...#
..####....§###.♣.♣♣...###
#.##...#..☼☼§♣.♣♣..♣....#
#.##.###..○§§♣♣.♣♣♣♣...##
#..#......○♣♣..⌠.⌠..♣§##
............♣♣⌠...⌠♣♣.#
...........♣.⌠..8..⌠.♣♣#
..).....##♣.⌠.......⌠♣.#
...##...##♣♣..8.v.8...♣#
.#...#.###..⌠.......⌠.♣#
####....##♣♣♣⌠..8..§♣♣§#
# ####.# #♣..⌠...⌠♣§§## #
#.###.♣♣♣⌠.⌠§☼♣○# #
#....§.♣♣..♣♣♣§§# #
####.§♣..♣...♣♣## #
##☼§§♣♣.♣♣# # ###....#


There were no monsters in sight!

Vanquished Creatures
  Cerebov (Pan)
  Asmodeus (Geh:7)
  Antaeus (Coc:7)
  Gloorx Vloq (Pan)
  the Royal Jelly (Slime:5)
  Ereshkigal (Tar:7)
  Lom Lobon (Pan)
  Mnoleg (Pan)
  10 dread liches
  8 ancient liches
  Tiamat (Zot:2)
  Khufu (Crypt:2)
  12 orbs of fire
  11 pandemonium lords
  13 juggernauts
  33 royal mummies
  Bai Suzhen (Swamp:3)
  11 shard shrikes
  Saint Roka (Snake:4)
  A curse toe (Zot:5)
  16 Killer Klowns
  Xtahua (Crypt:2)
  33 caustic shrikes
  Geryon (Hell)
  16 golden dragons
  19 bone dragons
  10 profane servitors
  8 iron giants
  30 Tzitzimimeh
  11 hellephants
  23 Brimstone Fiends
  16 doom hounds
  A spectral shard shrike (Tar:3)
  3 electric golems
  Rupert (D:15)
  27 Orb Guardians
  22 tentacled monstrosities
  A walking crystal tome (Zig:24)
  25 Ice Fiends
  16 tainted leviathans
  37 Hell Sentinels
  Grunn (Zot:1)
  9 liches
  3 deep elf blademasters (Elf:3)
  19 titans
  Mlioglotl (Swamp:1)
  28 searing wretches
  Frances (Swamp:1)
  5 deep elf master archers
  41 acid blobs
  3 quicksilver dragons
  33 Executioners
  49 ancient champions
  5 death cobs
  10 tentacled starspawn
  2 thorn hunters
  11 sphinxes
  Donald (Swamp:4)
  20 storm dragons
  4 tengu reavers
  An eldritch tentacle (Zig:13)
  12 shadow dragons
  15 revenants
  Kirke (Swamp:2)
  15 draconian monks
  26 azure jellies
  26 narguns
  25 rockslimes
  29 fire giants
  16 nagarajas
  2 fenstrider witches
  A daeva (Abyss:2)
  4 demonspawn warmongers (Pan)
  7 deep elf sorcerers
  20 draconian knights
  16 frost giants
  7 draconian shifters
  23 quicksilver elementals
  15 vault wardens
  2 spectral juggernauts
  68 balrugs
  16 draconian scorchers
  5 emperor scorpions
  10 iron dragons
  13 deep elf elementalists
  10 shard shrike simulacra
  8 ghost moths
  Aizul (Snake:3)
  An angel (Pan)
  14 orc warlords
  11 draconian stormcallers
  9 curse skulls
  27 cacodemons
  24 quicksilver oozes
  17 draconian annihilators
  2 spriggan defenders (Depths:2)
  5 ghouls
  28 stone giants
  23 demonspawn blood saints
  28 reapers
  A juggernaut skeleton (Depths:3)
  16 demonspawn corrupters
  22 ironbound preservers
  A caustic shrike skeleton (Pan)
  40 very ugly things
  7 deep elf demonologists
  8 ironbound thunderhulks
  33 war gargoyles
  11 white draconians
  7 vampire knights
  19 putrid mouths
  10 eleionomae
  7 green draconians
  25 lorocyprocas
  23 elemental wellsprings
  17 black draconians
  15 deep elf annihilators
  11 demonspawn black suns
  A minotaur (Gauntlet)
  13 red draconians
  15 yellow draconians
  2 spectral titans
  18 purple draconians
  8 bunyips
  5 spark wasps
  14 bennus
  31 wendigos
  8 dire elephants
  13 eidola
  6 crystal guardians
  50 iron golems
  11 deep elf death magi
  22 green deaths
  A merfolk javelineer (Zig:2)
  14 ettins
  A spectral iron giant (Tar:7)
  33 blizzard demons
  A spectral quicksilver dragon (Tar:3)
  9 yaktaur captains
  A quicksilver dragon zombie (Crypt:3)
  12 fire dragons
  4 spectral spriggans
  9 deep elf high priests
  19 jiangshi
  26 mummy priests
  Snorg (Lair:4)
  2 shambling mangroves (Zig:20)
  11 entropy weavers
  Erolcha (D:10)
  16 great orbs of eyes
  13 salamander tyrants
  16 ice dragons
  5 ghost crabs
  Harold (Lair:2)
  33 hydras
  40 vault guards
  6 rakshasas
  23 centaur warriors
  13 caustic shrike simulacra
  A fenstrider witch skeleton (Crypt:1)
  A jorogumo (Zig:17)
  11 juggernaut simulacra
  7 anacondas
  4 hell beasts
  7 ogre magi
  An elf skeleton (Pan)
  3 peacekeepers (Vaults:4)
  An anaconda (shapeshifter) (Vaults:5)
  Erica (D:11)
  5 spriggan skeletons
  A death knight (Crypt:2)
  11 ironbound frosthearts
  18 two-headed ogres
  The ghost of Leeroy the Carver, a journeyman TeWr of Okawaru (D:10)
  2 radroaches (Zig:17)
  A radroach (shapeshifter) (Depths:1)
  A satyr (shapeshifter) (Vaults:5)
  A catoblepas (Lair:4)
  11 death yaks
  8 spriggan air magi
  7 stokers
  8 boulder beetles
  A merfolk aquamancer (Zig:4)
  2 spectral stone giants (Crypt:3)
  117 death scarabs
  7 deep troll earth magi
  13 naga warriors
  8 deep troll shamans
  A satyr (Abyss:4)
  3 tengu warriors
  16 vampire magi
  30 dancing weapons
  11 alligators
  11 spriggan berserkers
  7 hell hogs
  5 naga sharpshooters
  14 orc high priests
  15 thrashing horrors
  A spectral naga (Tar:7)
  2 spectral dire elephants
  Nergalle (Lair:2)
  10 shock serpents
  21 iron trolls
  19 crystal echidnas
  18 deep elf knights
  33 sixfirhies
  A hell knight (Depths:3)
  12 wretched stars
  94 sun demons
  Sonja (D:12)
  30 soul eaters
  A spectral catoblepas (Tar:1)
  42 skeletal warriors
  The ghost of bmj180 the Geomancer, a novice GrEE of Vehumet (D:7)
  4 pharaoh ants (Zig:17)
  2 salamander mystics (Snake:4)
  4 death drakes
  2 goliath frogs
  8 fire crabs (Zig:19)
  39 shadow wraiths
  2 sun moths (Zig:17)
  2 spatial maelstroms (Zig:24)
  17 shadow demons (Pan)
  7 spriggan druids
  10 glowing orange brains
  A cherub (Zot:5)
  85 deep trolls
  33 phantasmal warriors
  4 orb spiders (Zig:17)
  8 lindwurms
  2 spectral hydras
  9 flayed ghosts
  7 bog bodies
  4 obsidian statues
  5 naga ritualists
  A glowing orange brain (shapeshifter) (Zig:22)
  6 quicksilver dragon simulacra
  5 orange crystal statues
  3 fenstrider witch simulacra
  A harpy (Vaults:3)
  10 deep elf archers
  16 swamp dragons
  6 necromancers
  16 ironbound convokers
  14 wizards
  30 deep elf zephyrmancers
  2 steelbarb worms (Zig:17)
  35 deep elf pyromancers
  A wolf spider (shapeshifter) (Vaults:5)
  12 orc knights
  2 wolf spiders (Zig:17)
  12 orc sorcerers
  A sphinx zombie (Zig:12)
  9 mana vipers
  7 manticores
  5 cyclopes
  An oklob plant (Zot:1)
  3 spectral ettins
  An iron dragon skeleton (Tomb:3)
  14 shining eyes
  A faun (shapeshifter) (Zig:22)
  4 salamanders
  9 will-o-the-wisps
  40 ugly things
  A worldbinder (Abyss:4)
  A shock serpent zombie (Crypt:2)
  A cyclops (shapeshifter) (Zig:22)
  3 stone giant skeletons
  31 moths of wrath
  A centaur zombie (Hell)
  21 elephants
  4 guardian serpents
  2 rust devils
  9 naga magi
  4 apocalypse crabs
  53 black mambas
  23 demonic crawlers
  2 naga zombies
  2 eyes of devastation
  16 vault sentinels
  5 torpor snails
  17 ice statues
  4 molten gargoyles (Hell)
  41 orange demons
  51 smoke demons
  3 dire elephant skeletons
  4 titan simulacra
  27 hellions
  6 cane toads
  3 gargoyles
  12 komodo dragons
  Maggie (D:6)
  An alligator snapping turtle skeleton (Crypt:1)
  6 unseen horrors
  17 freezing wraiths
  2 bunyip simulacra (Coc:2)
  11 efreet
  2 purple draconian zombies
  An unseen horror zombie (D:9)
  A centaur skeleton (Pan)
  3 kobold demonologists (D:10)
  A tengu conjurer (D:13)
  9 ice devils
  A silent spectre (Tar:6)
  45 tormentors
  12 anaconda simulacra
  13 rime drakes
  A yaktaur (shapeshifter) (Vaults:5)
  6 iron giant simulacra
  11 yaktaurs
  4 golden dragon simulacra
  7 red devils
  6 polar bears
  A death yak skeleton (Crypt:3)
  A yellow draconian skeleton (Crypt:2)
  12 ancient zymes
  39 guardian mummies
  25 hellwings
  A merfolk (shapeshifter) (Elf:3)
  A spectral deep troll (Tar:2)
  A hornet (shapeshifter) (Vaults:5)
  3 harpy zombies
  A queen bee (Gauntlet)
  A tarantella (shapeshifter) (Zig:22)
  10 trolls
  22 hornets
  2 sphinx simulacra (Zig:14)
  Prince Ribbit (D:9)
  3 tengu simulacra
  A blink frog (shapeshifter) (Vaults:5)
  A shadow dragon simulacrum (Coc:1)
  14 wind drakes (Pan)
  Grinder (D:6)
  4 iron dragon simulacra
  11 tyrant leeches
  2 ettin zombies
  A dream sheep (shapeshifter) (Depths:3)
  A hydra skeleton (Pan)
  2 harpy skeletons
  5 spriggan zombies
  10 raiju
  3 dream sheep
  2 jumping spiders (Zig:17)
  32 blink frogs
  5 stone giant simulacra
  2 centaur simulacra
  A human simulacrum (Vaults:4)
  31 flying skulls
  2 air elementals
  23 spriggans
  18 water elementals
  23 ushabtiu
  A black mamba zombie (Crypt:1)
  40 ynoxinuls
  132 slime creatures
  17 shadows
  10 wraiths
  89 yaks
  12 dire elephant simulacra
  A basilisk (shapeshifter) (D:12)
  4 ettin skeletons (Pan)
  13 humans
  2 vampires
  A hog (shapeshifter) (D:12)
  5 fire elementals
  5 wyverns
  Eustachio (D:5)
  5 basilisks
  3 hogs (Swamp:2)
  32 neqoxecs
  A black mamba skeleton (Crypt:1)
  13 golden eyes
  39 chaos spawn
  An alligator snapping turtle simulacrum (Coc:3)
  A redback (Zig:17)
  A steam dragon (Lair:2)
  6 vampire mosquitoes
  11 spriggan simulacra
  A glowing shapeshifter zombie (Crypt:2)
  3 acid dragons
  41 nagas
  10 water moccasins
  A cane toad zombie (Crypt:3)
  10 wargs
  22 harpy simulacra
  18 swamp worms
  5 hell hounds (Zig:19)
  3 floating eyes (shapeshifter)
  4 floating eyes
  76 large abominations
  A fire bat skeleton (Crypt:1)
  3 hydra simulacra
  A sky beast (D:8)
  3 swamp drakes (Swamp:4)
  A two-headed ogre skeleton (Crypt:1)
  48 orc warriors
  5 ice beasts
  A cane toad skeleton (Crypt:2)
  A human zombie (Vaults:4)
  14 ettin simulacra
  A snapping turtle zombie (Crypt:3)
  3 black bears (Lair:5)
  An elf simulacrum (Vaults:3)
  14 ogres
  8 small abominations
  A fire dragon simulacrum (Crypt:3)
  4 boggarts (Lair:5)
  A human skeleton (Vaults:4)
  A swamp dragon skeleton (Crypt:2)
  41 wolves
  24 centaurs
  A kobold brigand (D:5)
  11 bullfrogs
  A yaktaur zombie (Crypt:2)
  A draconian zombie (Crypt:2)
  Blork the orc (D:5)
  6 scorpions
  2 gnoll sergeants
  4 earth elementals
  A glowing shapeshifter simulacrum (Vaults:2)
  6 naga simulacra
  A cane toad simulacrum (IceCv)
  A wight (Abyss:2)
  17 killer bees
  A yak skeleton (Crypt:2)
  9 electric eels
  4 howler monkeys
  2 wolf skeletons
  2 lava snakes (Elf:3)
  3 jellies
  11 hounds
  21 orc priests
  57 starcursed masses
  3 iguanas
  28 orc wizards
  5 hell rats (Hell)
  5 lightning spires (Zot:1)
  A polar bear simulacrum (IceCv)
  2 wolf simulacra (IceCv)
  A deep dwarf zombie (Crypt:2)
  A boggart simulacrum (D:15)
  72 mummies
  A howler monkey zombie (D:9)
  Robin (D:4)
  8 gnolls
  15 adders
  2 shadow imps (D:8)
  4 white imps
  3 ufetubi
  A jelly zombie (Crypt:1)
  An adder skeleton (Crypt:1)
  2 worms
  2 dart slugs
  91 orcs
  9 bats
  7 endoplasms
  4 giant cockroaches
  17 goblins
  14 hobgoblins
  4 jackals (D:2)
  2 quokkas
  11 ball pythons
  A ball python zombie (Crypt:3)
  6 frilled lizards
  18 kobolds
  7 rats
  11 creeping infernos
  31 fire vortices
  A plant (Depths:2)
  7 starspawn tentacles
5446 creatures vanquished.

Vanquished Creatures (collateral kills)
  the Serpent of Hell (Geh:7)
  Dispater (Dis:7)
  Mennas (Vaults:4)
  Parghit (Depths:4)
  A pandemonium lord (Pan)
  Jory (Vaults:2)
  Jorgrun (Elf:1)
  Zenata (Elf:1)
  A deep elf blademaster (Elf:3)
  3 acid blobs (Slime:5)
  A sphinx (Vaults:4)
  A storm dragon (Zot:5)
  A rockslime (Slime:5)
  A vault warden (Vaults:4)
  A balrug (Pan)
  A draconian shifter (Depths:4)
  A reaper (Pan)
  A demonspawn blood saint (Pan)
  A vampire knight (Depths:4)
  2 very ugly things
  2 lorocyprocas (Pan)
  A red draconian (Zot:3)
  2 yellow draconians
  An ettin (Vaults:4)
  A merfolk javelineer (Abyss:4)
  A blizzard demon (Pan)
  A yaktaur captain (Vaults:4)
  An ice dragon (Depths:4)
  A naga warrior (Snake:4)
  2 sun demons (Pan)
  2 deep elf knights (Elf:1)
  A soul eater (Pan)
  3 sixfirhies (Pan)
  A deep elf archer (Elf:1)
  A wizard (Pan)
  A deep elf zephyrmancer (Elf:1)
  2 necromancers
  2 deep elf pyromancers
  A will-o-the-wisp (Swamp:3)
  A human skeleton (Vaults:2)
  2 orange demons (Pan)
  A naga mage (Snake:4)
  2 smoke demons (Pan)
  An efreet (Pan)
  A kobold demonologist (Abyss:3)
  An ancient zyme (Abyss:4)
  2 hellwings
  A wind drake (Pan)
  2 ynoxinuls (Pan)
  6 chaos spawn (Pan)
  A vampire (Abyss:4)
  An elf simulacrum (Vaults:2)
  4 nagas (Snake:4)
  A glowing shapeshifter zombie (Vaults:4)
  2 large abominations
  5 small abominations
  A human simulacrum (Vaults:2)
  2 fire vortices (Pan)
87 creatures vanquished.

Vanquished Creatures (others)
  A royal mummy (Tomb:2)
  A fire giant (Zig:19)
  A draconian monk (Zot:3)
  A shard shrike simulacrum (Coc:4)
  A wendigo (Coc:7)
  A green death (Zig:15)
  2 fire dragons (Zig:19)
  A hydra (Zig:15)
  A juggernaut simulacrum (Coc:1)
  A deep troll earth mage (Zig:22)
  A quicksilver dragon simulacrum (Coc:2)
  2 spriggan simulacra
  A glowing orange brain (Pan)
  2 deep elf pyromancers
  An orc knight (Orc:2)
  2 black mambas (Zig:16)
  A titan simulacrum (Coc:5)
  An orange demon (Pan)
  A smoke demon (Pan)
  A golden dragon simulacrum (Coc:6)
  A bloated husk (Swamp:1)
  A hellwing (Pan)
  A wind drake (Pan)
  An iron dragon simulacrum (Coc:4)
  An ushabti (Tomb:2)
  A human (Swamp:2)
  A water elemental (Coc:7)
  A yak (D:10)
  A chaos spawn (Pan)
  2 neqoxecs
  A harpy simulacrum (Coc:2)
  An ettin simulacrum (Coc:1)
  A black mamba simulacrum (Coc:1)
  2 naga simulacra
  A swamp dragon simulacrum (Hell)
  A howler monkey (D:10)
  An orc wizard (D:10)
  A mummy (Tomb:2)
  A block of ice (Pan)
  A creeping inferno (Geh:1)
  13 demonic plants (Gauntlet)
  A fire vortex (Pan)
  17 foxfires
  20 fungi
  A lurking horror (Abyss:4)
  71 plants
  9 starspawn tentacles
178 creatures vanquished.

Grand Total: 5711 creatures vanquished

Notes
Turn   | Place    | Note
-------+----------+-------------------------------------------
     0 | D:1      | Dirtsage the Octopode Transmuter began the quest for the
                  | Orb.
     0 | D:1      | Reached XP level 1. HP: 13/13 MP: 3/3
   108 | D:1      | Reached skill level 1 in Ice Magic
   108 | D:1      | Reached XP level 2. HP: 16/18 MP: 3/5
   124 | D:1      | Learned a level 2 spell: Wereblood
   297 | D:1      | Reached XP level 3. HP: 20/23 MP: 6/6
   837 | D:2      | Reached XP level 4. HP: 23/28 MP: 5/7
   862 | D:2      | Learned a level 4 spell: Ice Form
  1566 | D:3      | Reached XP level 5. HP: 30/33 MP: 2/8
  1577 | D:3      | Upgraded the game from 0.30-a0-728-gc68057be0a to
                  | 0.30-a0-737-gf23d94013f
  1819 | D:3      | Found a runed translucent door.
  1820 | D:3      | Noticed Crazy Yiuf
  2070 | D:3      | Found a broken altar of Ashenzari.
  2383 | D:3      | Identified 3 scrolls of acquirement
  2383 | D:3      | Acquired 701 gold pieces
  2384 | D:3      | Acquired 850 gold pieces
  2385 | D:3      | Acquired a +2 buckler of reflection
  2654 | D:4      | Reached XP level 6. HP: 31/38 MP: 4/9
  2877 | D:4      | Noticed Robin
  2903 | D:4      | Reached skill level 1 in Evocations
  2907 | D:4      | Killed Robin
  2978 | D:4      | Found a staircase to the Ecumenical Temple.
  3013 | Temple   | Entered the Ecumenical Temple
  3019 | Temple   | Became a worshipper of the Shining One
  3086 | D:4      | Noticed an ice beast
  3095 | D:4      | Killed an ice beast
  3096 | D:4      | Reached XP level 7. HP: 44/44 MP: 5/10
  3136 | D:4      | Reached skill level 1 in Shields
  3345 | D:5      | Entered Level 5 of the Dungeon
  3425 | D:5      | Reached skill level 5 in Transmutations
  3498 | D:5      | Noticed Blork the orc
  3587 | D:5      | Killed Blork the orc
  3588 | D:5      | Reached XP level 8. HP: 49/51 MP: 5/11
  3778 | D:5      | Noticed Eustachio
  3800 | D:5      | Killed Eustachio
  3801 | D:5      | Reached skill level 5 in Ice Magic
  4019 | D:6      | Found a shadowy altar of Dithmenos.
  4020 | D:6      | Found a snail-covered altar of Cheibriados.
  4351 | D:6      | Found Jemairch's Distillery.
  4362 | D:6      | Bought a potion of flight for 42 gold pieces
  4362 | D:6      | Bought a potion of resistance for 140 gold pieces
  4362 | D:6      | Bought a potion of curing for 42 gold pieces
  4362 | D:6      | Bought a potion of curing for 42 gold pieces
  4362 | D:6      | Bought a potion of curing for 42 gold pieces
  4362 | D:6      | Bought a potion of might for 56 gold pieces
  4432 | D:6      | Found a bloodstained altar of Trog.
  4493 | D:6      | Noticed Maggie
  4531 | D:6      | Killed Maggie
  4532 | D:6      | Reached XP level 9. HP: 23/57 MP: 3/12
  4681 | D:6      | Identified the +2 mace of Res Nullius {drain, *Corrode
                  | rN++}
  4839 | D:6      | Found a sacrificial altar of Ru.
  4844 | D:6      | Noticed a two-headed ogre
  4844 | D:6      | Reached * piety under the Shining One
  4852 | D:6      | Killed a two-headed ogre
  4853 | D:6      | Reached skill level 5 in Unarmed Combat
  5214 | D:6      | Found a blossoming altar of Fedhas.
  5214 | D:6      | Noticed Grinder
  5242 | D:6      | Killed Grinder
  5245 | D:6      | Found a hazy altar of Hepliaklqana.
  5247 | D:6      | Reached skill level 1 in Earth Magic
  5267 | D:6      | Found a shimmering altar of Xom.
  5267 | D:6      | Found a stormy altar of Qazlal.
  5284 | D:6      | Found a burning altar of Makhleb.
  5429 | D:6      | Reached skill level 1 in Invocations
  5497 | D:7      | Learned a level 6 spell: Statue Form
  5540 | D:7      | Noticed a manticore
  5552 | D:7      | Killed a manticore
  5553 | D:7      | Reached XP level 10. HP: 41/65 MP: 2/13
  5553 | D:7      | Identified the +7 dagger of Luwef {pain, rF+ rC+}
  5663 | D:7      | Found a runed translucent gate.
  5663 | D:7      | Found a runed translucent gate.
  5663 | D:7      | Found a runed translucent gate.
  5929 | D:7      | Noticed bmj180's ghost (novice GrEE)
  6111 | D:7      | Found a radiant altar of Vehumet.
  6462 | D:7      | Killed bmj180's ghost
  6815 | D:8      | Reached skill level 5 in Earth Magic
  6965 | D:8      | You fall into a shaft and drop 1 floor!
  7056 | D:9      | Found a basalt altar of Yredelemnul.
  7424 | D:9      | Reached ** piety under the Shining One
  7482 | D:9      | Reached XP level 11. HP: 22/70 MP: 14/14
  7705 | D:9      | Noticed Prince Ribbit
  7716 | D:9      | Killed Prince Ribbit
  7961 | D:8      | Found a staircase to the Lair.
  8455 | Lair:1   | Entered Level 1 of the Lair of Beasts
  9520 | Lair:2   | Found a staircase to the Snake Pit.
  9577 | Lair:2   | Reached skill level 10 in Earth Magic
  9604 | Lair:2   | Reached skill level 5 in Shields
  9619 | Lair:2   | Found a gate leading to a gauntlet.
  9628 | Gauntlet | Entered a Gauntlet
  9628 | Gauntlet | Found a transporter.
  9628 | Gauntlet | Found a transporter.
  9628 | Gauntlet | Found a transporter.
  9629 | Gauntlet | Found a transporter.
  9650 | Gauntlet | Found a transporter.
  9667 | Gauntlet | Found a transporter.
  9668 | Gauntlet | Found a transporter.
  9677 | Gauntlet | Noticed a green death
  9686 | Gauntlet | Found a transporter.
  9702 | Gauntlet | Reached *** piety under the Shining One
  9703 | Gauntlet | Found a transporter.
  9720 | Gauntlet | Found a transporter.
  9724 | Gauntlet | Found a transporter.
  9737 | Gauntlet | Found a transporter.
  9747 | Gauntlet | Noticed a fire crab
  9926 | Gauntlet | Reached XP level 12. HP: 75/75 MP: 7/15
 10028 | Gauntlet | Killed a green death
 10038 | Gauntlet | Identified the +1 pair of gloves "Mevo" {rF+ Will+ MP+9
                  | Dex-4}
 10049 | Gauntlet | Noticed a minotaur
 10061 | Gauntlet | Killed a minotaur
 10242 | Gauntlet | Found the +2 hat of the Bear Spirit {Spirit, Bear, *Rage
                  | Will++}
 10523 | Lair:2   | Noticed Harold
 10533 | Lair:2   | Killed Harold
 10638 | Lair:2   | Reached skill level 10 in Transmutations
 10895 | Lair:2   | Found a staircase to the Swamp.
 10904 | Lair:2   | Noticed Nergalle
 10916 | Lair:2   | Killed Nergalle
 11474 | Lair:2   | Reached XP level 13. HP: 81/81 MP: 7/17
 11807 | Lair:3   | Reached skill level 5 in Dodging
 12129 | Lair:3   | Reached **** piety under the Shining One
 12141 | Lair:3   | Reached skill level 10 in Unarmed Combat
 12230 | Lair:3   | Reached skill level 5 in Fighting
 12899 | Lair:3   | Reached XP level 14. HP: 88/88 MP: 13/20
 13876 | Lair:4   | You fall into a shaft and drop 1 floor!
 13876 | Lair:5   | Entered Level 5 of the Lair of Beasts
 13976 | Lair:5   | Reached skill level 5 in Invocations
 13987 | Lair:5   | Reached skill level 5 in Evocations
 13990 | Lair:5   | Reached skill level 5 in Spellcasting
 13993 | Lair:5   | Found a viscous altar of Jiyva.
 14001 | Lair:5   | Found a staircase to the Slime Pits.
 14233 | Lair:4   | Noticed Snorg
 14238 | Lair:4   | Killed Snorg
 15758 | Lair:5   | Reached XP level 15. HP: 96/96 MP: 21/23
 16521 | D:9      | Learned a level 3 spell: Vhi's Electric Charge
 16535 | D:9      | Reached ***** piety under the Shining One
 16794 | D:9      | Found an ornate altar of the Wu Jian Council.
 17046 | D:10     | Entered Level 10 of the Dungeon
 17198 | D:10     | Found a transporter.
 17203 | D:10     | Noticed Leeroy's ghost (journeyman TeWr)
 17223 | D:10     | Found a transporter.
 17235 | D:10     | Noticed Erolcha
 17241 | D:10     | Killed Erolcha
 17242 | D:10     | Reached skill level 1 in Air Magic
 17274 | D:10     | Found Inef's General Store.
 17282 | D:10     | Bought a scroll of enchant armour for 90 gold pieces
 17282 | D:10     | Bought a scroll of teleportation for 36 gold pieces
 17303 | D:10     | Found Sasaib's Book Boutique.
 17312 | D:10     | Bought Great Wizards, Vol. VII for 300 gold pieces
 17312 | D:10     | Bought a book of the Sky for 440 gold pieces
 17323 | D:10     | Found Enwy's Distillery.
 17375 | D:10     | Bought a potion of might for 48 gold pieces
 17375 | D:10     | Bought a potion of heal wounds for 60 gold pieces
 17375 | D:10     | Bought 2 potions of might for 96 gold pieces
 17375 | D:10     | Bought a potion of might for 48 gold pieces
 17375 | D:10     | Bought a potion of haste for 120 gold pieces
 17453 | D:10     | Found Visextoe's Magic Scroll Shoppe.
 17461 | D:10     | Bought a scroll of identify for 24 gold pieces
 17461 | D:10     | Bought a scroll of immolation for 48 gold pieces
 17461 | D:10     | Bought a scroll of teleportation for 36 gold pieces
 17461 | D:10     | Bought a scroll of teleportation for 36 gold pieces
 17461 | D:10     | Bought a scroll of identify for 24 gold pieces
 17739 | D:10     | Learned a level 7 spell: Storm Form
 17882 | D:10     | Killed Leeroy's ghost
 18076 | D:11     | Found a frozen archway.
 18109 | IceCv    | Entered an ice cave
 18117 | IceCv    | Reached skill level 5 in Air Magic
 18130 | IceCv    | Found a transporter.
 18135 | IceCv    | Found the necklace of Bloodlust {Fury *Rage Will++ Int-3
                  | Slay+6}
 18139 | IceCv    | Found a transporter.
 18544 | D:11     | Noticed Erica
 18549 | D:11     | Killed Erica
 18831 | D:12     | Noticed Sonja
 18842 | D:12     | Killed Sonja
 19535 | D:12     | Learned a level 3 spell: Ozocubu's Armour
 19765 | D:12     | Found a staircase to the Orcish Mines.
 19930 | Snake:1  | Entered Level 1 of the Snake Pit
 20135 | Snake:1  | Reached XP level 16. HP: 103/103 MP: 15/25
 20854 | Snake:2  | Saving game... please wait.
 22211 | Snake:3  | Noticed Aizul
 22224 | Snake:3  | Reached skill level 10 in Air Magic
 22232 | Snake:3  | Killed Aizul
 23483 | Snake:4  | Entered Level 4 of the Snake Pit
 23574 | Snake:4  | Reached ****** piety under the Shining One
 23995 | Snake:4  | Noticed a nagaraja
 24005 | Snake:4  | Killed a nagaraja
 24233 | Snake:4  | Noticed Saint Roka
 24266 | Snake:4  | Noticed a nagaraja
 24272 | Snake:4  | Killed Saint Roka
 24278 | Snake:4  | Reached XP level 17. HP: 108/108 MP: 17/26
 25313 | Snake:4  | Got a serpentine rune of Zot
 25392 | Snake:4  | Saving game... please wait.
 25500 | Swamp:1  | Entered Level 1 of the Swamp
 25500 | Swamp:1  | Noticed Mlioglotl
 25520 | Swamp:1  | Noticed Frances
 25523 | Swamp:1  | Killed Mlioglotl
 25532 | Swamp:1  | Killed Frances
 26012 | Swamp:1  | Noticed a tentacled monstrosity
 26020 | Swamp:1  | Killed a tentacled monstrosity
 26900 | Swamp:2  | Noticed Kirke
 26912 | Swamp:2  | Killed Kirke
 28145 | Swamp:3  | Noticed Bai Suzhen
 28163 | Swamp:3  | Killed Bai Suzhen
 28180 | Swamp:3  | Reached XP level 18. HP: 107/117 MP: 14/27
 28523 | Swamp:4  | Entered Level 4 of the Swamp
 29189 | Swamp:4  | Noticed Donald
 29204 | Swamp:4  | Killed Donald
 29693 | Swamp:4  | Got a decaying rune of Zot
 29968 | Orc:1    | Entered Level 1 of the Orcish Mines
 30248 | Orc:2    | Entered Level 2 of the Orcish Mines
 30759 | Orc:2    | Saving game... please wait.
 31133 | Orc:2    | Found a staircase to the Elven Halls.
 31570 | Orc:2    | Reached skill level 15 in Transmutations
 31573 | Orc:2    | Found Asoigec's Jewellery Shoppe.
 31573 | Orc:2    | Found Nanuask's Antique Armour Boutique.
 31575 | Orc:2    | Found Xalloraaho's General Store.
 31575 | Orc:2    | Found Voemicw's Assorted Antiques.
 31584 | Orc:2    | Bought a potion of curing for 51 gold pieces
 31585 | Orc:2    | Bought a potion of resistance for 210 gold pieces
 31585 | Orc:2    | Bought a wavering steel ring for 105 gold pieces
 31585 | Orc:2    | Identified the ring of Deyxzy {Wiz +Blink rCorr Str+5
                  | Dex-5} (You bought it in a shop on level 2 of the Orcish
                  | Mines)
 31585 | Orc:2    | Bought a scroll of teleportation for 63 gold pieces
 31585 | Orc:2    | Bought a metallic ruby potion for 18 gold pieces
 31593 | Orc:2    | Bought an amulet of reflection for 420 gold pieces
 31593 | Orc:2    | Bought a ring of protection from cold for 350 gold pieces
 31593 | Orc:2    | Bought a +6 ring of intelligence for 504 gold pieces
 31687 | Elf:1    | Entered Level 1 of the Elven Halls
 31687 | Elf:1    | Noticed Jorgrun
 31698 | Elf:1    | Killed Jorgrun
 31709 | Elf:1    | Noticed Zenata
 31718 | Elf:1    | Reached skill level 15 in Air Magic
 31724 | Elf:1    | Killed Zenata
 32453 | Elf:1    | Saving game... please wait.
 32512 | Elf:1    | Found Zym Kuq's Armour Boutique.
 32591 | Elf:1    | Learned a level 5 spell: Yara's Violent Unravelling
 32650 | Elf:1    | Reached XP level 19. HP: 126/126 MP: 21/29
 33037 | Elf:1    | Identified the ring "Tewae" {Fly SInv}
 33327 | Elf:2    | Reached skill level 10 in Fighting
 33540 | Elf:2    | Found Dereq's Assorted Antiques.
 33549 | Elf:2    | Bought a scroll of teleportation for 102 gold pieces
 33549 | Elf:2    | Bought a wooden ring for 170 gold pieces
 33975 | Elf:2    | Found a runed translucent gate.
 33977 | Elf:2    | Found a runed translucent gate.
 33981 | Elf:2    | Found a runed translucent gate.
 34998 | Elf:2    | Reached skill level 10 in Invocations
 35176 | Elf:3    | Entered Level 3 of the Elven Halls
 35264 | Elf:3    | Found Husap's Assorted Antiques.
 35391 | Elf:3    | Found Rioh's Weapon Emporium.
 35463 | Elf:3    | Identified the +0 quarterstaff "Iloing" {flame, rElec rF-
                  | rCorr Str-5}
 35488 | Elf:3    | Found Edoleot's Elven Fire.
 35494 | Elf:3    | Found Unioqa's Armour Shoppe.
 35541 | Elf:3    | Found an ancient bone altar of Kikubaaqudgha.
 35626 | Elf:3    | Identified the +8 sling of Evisceration {flame, Drain
                  | +Blink Fly rPois}
 35721 | Elf:3    | Found Gibouv's Antique Armour Shoppe.
 35798 | Elf:3    | Noticed a Brimstone Fiend
 35824 | Elf:3    | Noticed a Hell Sentinel
 36290 | Elf:3    | Reached XP level 20. HP: 134/134 MP: 25/32
 36523 | Elf:3    | Found Fetrelog's Antique Weapon Emporium.
 36594 | Elf:3    | Identified the +1 leather armour "Ifiluff" {rN+ Stlth+}
 36676 | Abyss:2  | Cast into level 2 of the Abyss (a deep elf sorcerer)
 36751 | Elf:3    | Escaped the Abyss
 37002 | Elf:3    | Identified the +1 gold dragon scales of Unambiguity {rElec
                  | rPois rF+ rC+}
 37289 | Elf:3    | Got the Monograph on Transposition
 38770 | D:14     | Reached skill level 1 in Translocations
 39064 | D:14     | Found a gate to the Vaults.
 39776 | D:15     | Entered Level 15 of the Dungeon
 40360 | D:15     | Noticed Rupert
 40368 | D:15     | Killed Rupert
 40622 | D:15     | Found Esazimen's Assorted Antiques.
 41023 | D:15     | Reached XP level 21. HP: 142/142 MP: 23/34
 41092 | D:15     | Found the +8 Wrath of Trog {antimagic, *Rage Rampage}
 41203 | D:15     | Found a staircase to the Depths.
 41375 | Vaults:1 | Entered Level 1 of the Vaults
 41998 | Vaults:1 | Reached skill level 10 in Spellcasting
 42044 | Vaults:1 | Reached skill level 5 in Translocations
 42309 | Vaults:1 | Learned a level 4 spell: Passage of Golubria
 42844 | Vaults:1 | Saving game... please wait.
 42848 | Vaults:2 | Noticed Jory
 42883 | Vaults:2 | Killed Jory
 43735 | Vaults:2 | You are sucked into a shaft and drop 1 floor!
 43950 | Vaults:3 | Reached XP level 22. HP: 101/153 MP: 18/37
 44720 | Vaults:2 | Found a staircase to the Crypt.
 45314 | Vaults:2 | Learned a level 5 spell: Arcjolt
 45587 | Vaults:3 | Reached skill level 1 in Conjurations
 45777 | Vaults:3 | Reached skill level 5 in Conjurations
 46047 | Vaults:4 | Identified the +0 tower shield "Sounti" {Dex+6}
 46047 | Vaults:4 | Noticed Mennas
 46076 | Vaults:4 | Killed Mennas
 47206 | Vaults:4 | Reached skill level 10 in Conjurations
 47605 | Vaults:5 | Entered Level 5 of the Vaults
 47605 | Vaults:5 | Noticed a golden dragon
 47612 | Vaults:5 | Reached XP level 23. HP: 135/160 MP: 19/38
 47617 | Vaults:5 | Killed a golden dragon
 48342 | Vaults:5 | Reached skill level 10 in Dodging
 48962 | Vaults:5 | Got a silver rune of Zot
 49065 | Vaults:5 | Identified the +8 great sword of the Magi {flame, +Blink
                  | Int+3}
 49479 | Vaults:5 | Identified the +4 mace of Borac {freeze, *Corrode rElec
                  | rPois Str+8}
 49481 | Vaults:5 | Acquired the -2 hat of the Alchemist {rElec rPois rF+ rC+
                  | rN+ Will+ rMut rCorr}
 49481 | Vaults:5 | Found the -2 hat of the Alchemist {rElec rPois rF+ rC+ rN+
                  | Will+ rMut rCorr}
 49496 | Vaults:5 | Got Sif Muna's Octavo of Alluring Open Graves
 50156 | Depths:1 | Entered Level 1 of the Depths
 50218 | Depths:1 | You fall into a shaft and drop 1 floor!
 50233 | Depths:2 | Found a one-way gate leading to the halls of Pandemonium.
 50408 | Depths:1 | Reached XP level 24. HP: 161/168 MP: 31/39
 50454 | Depths:1 | Reached skill level 15 in Fighting
 50485 | Depths:1 | Found a gateway to Hell.
 50506 | Depths:1 | Found Yleumih's Book Boutique.
 50506 | Depths:1 | Found Keucur's Jewellery Shoppe.
 50508 | Depths:1 | Found Arunar's Book Boutique.
 50535 | Depths:1 | Found Tuacviol's Self-Improvement Boutique.
 50545 | Depths:1 | Reached skill level 15 in Unarmed Combat
 50545 | Depths:1 | Identified the quicksilver dragon scales of Youthful
                  | Indiscretion {-Tele Will+ Int+5 Dex+2}
 50550 | Depths:1 | Reached skill level 1 in Hexes
 50557 | Depths:1 | Paralysed by a floating eye for 2 turns
 50577 | Depths:1 | Bought a manual of Unarmed Combat for 1760 gold pieces
 51120 | Depths:1 | Bought a book of Spatial Translocations for 342 gold pieces
 51361 | Depths:1 | Bought the amulet of the Air {Inacc Air Fly rElec RMsl} for
                  | 601 gold pieces
 51361 | Depths:1 | Found the amulet of the Air {Inacc Air Fly rElec RMsl}
 51361 | Depths:1 | Bought the ring of Conformity {Wiz Will+} for 681 gold
                  | pieces
 51365 | Depths:1 | Saving game... please wait.
 51497 | Depths:2 | Found an iron altar of Okawaru.
 51768 | Depths:2 | Found a one-way gate to the infinite horrors of the Abyss.
 51784 | Depths:2 | Found a one-way gateway to a ziggurat.
 52075 | Depths:2 | Found Kieteliv's Jewellery Shoppe.
 52090 | Depths:2 | Reached skill level 5 in Hexes
 52252 | Depths:2 | Saving game... please wait.
 52584 | Depths:3 | Found a sacrificial altar of Ru.
 52865 | Depths:3 | Found Cybaro's Book Boutique.
 53330 | Depths:3 | Learned a level 7 spell: Enfeeble
 53361 | Depths:4 | Entered Level 4 of the Depths
 53364 | Depths:4 | Noticed Parghit
 53374 | Depths:4 | Killed Parghit
 53386 | Depths:4 | Reached XP level 25. HP: 177/177 MP: 30/40
 53507 | Depths:4 | Found a gate to the Realm of Zot.
 53592 | Depths:4 | Found a flickering gateway to a bazaar.
 53597 | Bazaar   | Entered a bazaar
 53681 | Bazaar   | Found Binkewn's General Store.
 53682 | Bazaar   | Found Xuliustri's Distillery.
 53725 | Bazaar   | Found Etaith's Antique Armour Emporium.
 53725 | Bazaar   | Found Sopsuhunn's Armour Emporium.
 53790 | Bazaar   | Bought a potion of might for 24 gold pieces
 53790 | Bazaar   | Bought a potion of haste for 60 gold pieces
 53790 | Bazaar   | Bought a potion of might for 24 gold pieces
 53790 | Bazaar   | Bought a potion of might for 24 gold pieces
 54088 | Depths:4 | Found a broken altar of Ashenzari.
 54285 | Depths:4 | Acquired the ring "Xokhlicky" {EV+5 Dex+5}
 54709 | Slime:1  | Entered Level 1 of the Pits of Slime
 54767 | Slime:2  | Found a viscous altar of Jiyva.
 54771 | Slime:2  | Paralysed by a great orb of eyes for 3 turns
 55008 | Slime:5  | Entered Level 5 of the Pits of Slime
 55040 | Slime:5  | Noticed the Royal Jelly
 55448 | Slime:5  | Killed the Royal Jelly
 55451 | Slime:5  | Reached skill level 10 in Hexes
 55576 | Slime:5  | Found the +18 shield of the Gong {Loud rElec rN+ Will+
                  | EV-5}
 55580 | Slime:5  | Paralysed by a floating eye for 4 turns
 55693 | Slime:5  | Identified the +4 plate armour of the Hills {rPois MP+9
                  | Int-2}
 55699 | Slime:5  | Identified the ring of Vobenn {Str+6 Dex+4}
 55713 | Slime:5  | Got a slimy rune of Zot
 56215 | Crypt:1  | Entered Level 1 of the Crypt
 56435 | Crypt:1  | Reached XP level 26. HP: 185/185 MP: 40/41
 56823 | Crypt:1  | Noticed an ancient lich
 56827 | Crypt:1  | Killed an ancient lich
 57215 | Crypt:2  | Noticed Xtahua
 57221 | Crypt:2  | Killed Xtahua
 57366 | Crypt:2  | Noticed Khufu
 57367 | Crypt:2  | Noticed a royal mummy
 57381 | Crypt:2  | Killed Khufu
 57384 | Crypt:2  | Killed a royal mummy
 57845 | Crypt:2  | Reached skill level 15 in Spellcasting
 57937 | Crypt:2  | Learned a level 2 spell: Lesser Beckoning
 57938 | Crypt:3  | Entered Level 3 of the Crypt
 57962 | Crypt:3  | Identified the +1 chain mail of the Nexus {Harm rElec}
 58037 | Crypt:3  | Acquired 1200 gold pieces
 58074 | Crypt:3  | Noticed a dread lich
 58075 | Crypt:3  | Paralysed by a dread lich for 3 turns
 58086 | Crypt:3  | Killed a dread lich
 58213 | Crypt:3  | Found an ancient bone altar of Kikubaaqudgha.
 58371 | Crypt:3  | Learned a level 4 spell: Manifold Assault
 58463 | Crypt:3  | Identified the +8 falchion "Besynkeev" {heavy, rElec Will+
                  | Stlth+}
 58466 | Crypt:3  | Identified the ring of Ryuvvoam {rPois rF- Str-5 Int+5
                  | Dex+6}
 58469 | Crypt:3  | Identified the ring "Anomuul" {rF+ rC+ Str-5 SInv}
 58851 | Crypt:3  | Found a staircase to the Tomb.
 59054 | Crypt:3  | Identified the ring of Cowesask {rN+ Str-5 Int+9 SInv}
 59054 | Crypt:3  | Identified the ring "Pauwoci" {rN+ Str+4 SInv}
 59425 | Zot:1    | Entered Level 1 of the Realm of Zot
 60168 | Zot:1    | Reached XP level 27. HP: 194/194 MP: 36/42
 60169 | Zot:1    | Noticed Grunn
 60183 | Zot:1    | Killed Grunn
 60610 | Zot:2    | Found the +4 dragonskin cloak
 60610 | Zot:2    | Noticed Tiamat
 60643 | Zot:2    | Killed Tiamat
 60644 | Zot:2    | Reached skill level 15 in Dodging
 60658 | Zot:2    | Reached skill level 10 in Translocations
 64294 | Depths:3 | Voluntarily entered the Abyss.
 64572 | Abyss:2  | Identified the -1 tower shield "Peniac" {+Inv rPois Slay+3}
 64573 | Abyss:2  | Saving game... please wait.
 64842 | Abyss:4  | Found a corrupted altar of Lugonu.
 64842 | Abyss:4  | Found a corrupted altar of Lugonu.
 64936 | Abyss:4  | Got an abyssal rune of Zot
 64964 | Depths:3 | Escaped the Abyss
 65012 | Pan      | Entered Pandemonium
 65547 | Pan      | Noticed Barierro the pandemonium lord
 65653 | Pan      | Identified the amulet "Jotwogeh" {Faith rCorr Str+2 Int+8
                  | Dex-4}
 65660 | Pan      | Killed Barierro the pandemonium lord
 65760 | Pan      | Got a demonic rune of Zot
 66171 | Pan      | Found a transporter.
 66300 | Pan      | Found a transporter.
 66300 | Pan      | Found a transporter.
 66340 | Pan      | Found a transporter.
 66385 | Pan      | Found a transporter.
 66685 | Pan      | Identified the ring of the Rose {rElec Int+2 Slay+4}
 66700 | Pan      | Identified the +4 battleaxe "Watzisap" {venom, rF++}
 66719 | Pan      | Identified the ring of Miracles {rF+ MP+9 Dex+3}
 67399 | Pan      | Noticed Asatojig the pandemonium lord
 67416 | Pan      | Killed Asatojig the pandemonium lord
 67619 | Pan      | Entered the realm of Cerebov.
 67739 | Pan      | Found the +6 sword of Cerebov {flame}
 67739 | Pan      | Noticed Cerebov
 67772 | Pan      | Killed Cerebov
 67930 | Pan      | Got the Catalogue of Guile and the Entourage
 68050 | Pan      | Got the Folio of the Xenolith and Hypothermia
 68096 | Pan      | Got the Guidebook on Combustion and the Xenotype
 68099 | Pan      | Identified the +1 chain mail of Fuqore {-Cast rPois rC-
                  | rCorr}
 68133 | Pan      | Got a fiery rune of Zot
 68678 | Pan      | Saving game... please wait.
 69268 | Pan      | Noticed Ojytivug the pandemonium lord
 69283 | Pan      | Killed Ojytivug the pandemonium lord
 70219 | Pan      | Noticed Myosacs the pandemonium lord
 70231 | Pan      | The Shining One protects you from harm!
 70234 | Pan      | Killed Myosacs the pandemonium lord
 71355 | Pan      | Noticed Hugikleg the pandemonium lord
 71361 | Pan      | Killed Hugikleg the pandemonium lord
 71492 | Pan      | Identified the +7 quarterstaff "Vumutim" {speed, rF+ Will+
                  | Int-3}
 71840 | Pan      | Reached skill level 10 in Ice Magic
 71951 | Pan      | Entered the realm of Lom Lobon.
 72370 | Pan      | Noticed Lom Lobon
 72381 | Pan      | Killed Lom Lobon
 72382 | Pan      | HP: 5/204 [titan (32)]
 73103 | Pan      | Got a magical rune of Zot
 73950 | Pan      | Noticed Ikagg the pandemonium lord
 73959 | Pan      | Killed Ikagg the pandemonium lord
 74657 | Pan      | Gained mutation: Your magical capacity is low. (-10% MP) [a
                  | cacodemon]
 74662 | Pan      | Noticed Jodehixa the pandemonium lord
 74665 | Pan      | Reached skill level 15 in Ice Magic
 74674 | Pan      | Killed Jodehixa the pandemonium lord
 74965 | Pan      | Learned a level 9 spell: Polar Vortex
 75232 | Pan      | Found an exit through the horrors of the Abyss.
 75321 | Pan      | Identified the +9 quarterstaff of Eternal War {heavy,
                  | Str+3}
 75480 | Pan      | Found a runed translucent door.
 75488 | Pan      | Found a runed translucent door.
 76166 | Pan      | Found a runed translucent door.
 76169 | Pan      | Noticed Wiqeic Sawa the pandemonium lord
 76176 | Pan      | Found a runed translucent door.
 76371 | Pan      | Entered the realm of Mnoleg.
 76930 | Pan      | Noticed Mnoleg
 76938 | Pan      | Killed Mnoleg
 77176 | Pan      | Got a glowing rune of Zot
 77563 | Pan      | Noticed Omeogeuh the pandemonium lord
 77580 | Pan      | Killed Omeogeuh the pandemonium lord
 77732 | Pan      | Identified the +8 trident of Victory {freeze, rN+ Int+2}
 78065 | Pan      | Lost mutation: Your magical capacity is low. (-10% MP)
                  | [potion of mutation]
 78065 | Pan      | Gained mutation: You occasionally lose the ability to read
                  | scrolls when taking damage. [potion of mutation]
 78065 | Pan      | Gained mutation: Your system is resistant to poisons.
                  | (rPois) [potion of mutation]
 78065 | Pan      | Gained mutation: Your spells are a little easier to cast,
                  | but a little less powerful. [potion of mutation]
 78066 | Pan      | Lost mutation: Your spells are a little easier to cast, but
                  | a little less powerful. [potion of mutation]
 78066 | Pan      | Lost mutation: You occasionally lose the ability to read
                  | scrolls when taking damage. [potion of mutation]
 78066 | Pan      | Lost mutation: Your system is resistant to poisons. (rPois)
                  | [potion of mutation]
 78066 | Pan      | Gained mutation: You are frail. (-10% HP) [potion of
                  | mutation]
 78066 | Pan      | Gained mutation: You possess an exceptional clarity of
                  | mind. [potion of mutation]
 78066 | Pan      | Gained mutation: Your spells are a little harder to cast,
                  | but a little more powerful. [potion of mutation]
 78115 | Pan      | Noticed Xugic the pandemonium lord
 78148 | Pan      | Killed Xugic the pandemonium lord
 78446 | Pan      | Identified the +1 falchion of the Lumpy Beasts {vamp, rPois
                  | Str+3}
 78571 | Pan      | Identified the ring "Noclyef" {rPois Str+6}
 78759 | Pan      | Found an exit through the horrors of the Abyss.
 79339 | Pan      | Entered the realm of Gloorx Vloq.
 79417 | Pan      | Found an exit through the horrors of the Abyss.
 79938 | Pan      | Noticed Gloorx Vloq
 79946 | Pan      | Killed Gloorx Vloq
 79955 | Pan      | Got a dark rune of Zot
 80227 | Pan      | Took an exit into the Abyss.
 80227 | Abyss:4  | Escaped into the Abyss
 80230 | Depths:3 | Escaped the Abyss
 80293 | Hell     | Entered the Vestibule of Hell
 80293 | Hell     | Noticed Geryon
 80309 | Hell     | Killed Geryon
 80410 | Hell     | Found a gateway to the freezing wastes of Cocytus.
 80603 | Hell     | Found a gateway to the decaying netherworld of Tartarus.
 80638 | Hell     | Found a gateway to the ashen valley of Gehenna.
 80722 | Hell     | Found a gateway to the Iron City of Dis.
 80872 | Depths:2 | Bought the ring "Xuedgh" {Wiz rF++ rN+} for 1350 gold
                  | pieces
 81046 | Dis:1    | Entered Level 1 of the Iron City of Dis
 81651 | Dis:2    | Found a burning altar of Makhleb.
 82573 | Dis:6    | Noticed a dread lich
 82577 | Dis:6    | Killed a dread lich
 82775 | Dis:7    | Entered Level 7 of the Iron City of Dis
 84301 | Dis:7    | Identified the amulet "Xuhun" {rF+ Regen+}
 84404 | Dis:7    | Identified the ring of Boekegg {rCorr MP+9 Int+5}
 84623 | Dis:7    | Found the +4 staff of Dispater
 84623 | Dis:7    | Noticed Dispater
 84632 | Dis:7    | Killed Dispater
 84713 | Dis:7    | Got an iron rune of Zot
 84727 | Dis:7    | Identified the +9 crystal plate armour of Slovenliness
                  | {rPois rCorr}
 85166 | Depths:1 | Bought a book of Chaos for 950 gold pieces
 85291 | Tar:1    | Entered Level 1 of Tartarus
 85377 | Tar:1    | Learned a level 8 spell: Disjunction
 85667 | Tar:2    | You are sucked into a shaft and drop 1 floor!
 86402 | Tar:7    | Entered Level 7 of Tartarus
 86450 | Tar:7    | Noticed a dread lich
 86452 | Tar:7    | Killed a dread lich
 87988 | Tar:7    | Noticed Ereshkigal
 88002 | Tar:7    | Killed Ereshkigal
 88394 | Tar:7    | Found the +3 robe of Clouds {*Thunder rCloud rElec}
 88545 | Tar:7    | Identified the +11 battleaxe of the Undead {venom, rF+ rC+}
 88871 | Tar:7    | Got a bone rune of Zot
 89268 | Geh:1    | Entered Level 1 of Gehenna
 90201 | Geh:4    | You are sucked into a shaft and drop 2 floors!
 90561 | Geh:7    | Entered Level 7 of Gehenna
 90893 | Geh:7    | Noticed the Serpent of Hell
 90894 | Geh:7    | Identified the +5 tower shield of Raos {rElec rPois Int+7}
 90899 | Geh:7    | Killed the Serpent of Hell
 90984 | Geh:7    | Found the ring of the Mage {Wiz Archmagi}
 90989 | Geh:7    | Noticed a dread lich
 90994 | Geh:7    | Killed a dread lich
 91011 | Geh:7    | Found the +7 sceptre of Asmodeus
 91011 | Geh:7    | Noticed Asmodeus
 91019 | Geh:7    | Killed Asmodeus
 91026 | Geh:7    | Got an obsidian rune of Zot
 91173 | Geh:7    | Identified the +6 falchion of Accord {freeze, Int+6}
 91198 | Geh:7    | Identified the ring "Kuetub" {rC+ Dex+3 Stlth+}
 91629 | Hell     | Saving game... please wait.
 91722 | Coc:1    | Entered Level 1 of Cocytus
 93479 | Coc:7    | Entered Level 7 of Cocytus
 94450 | Coc:7    | Noticed Antaeus
 94464 | Coc:7    | Killed Antaeus
 94479 | Coc:7    | Identified the ring of Gyges {rPois Dex-5 Slay+2 Stlth+}
 94488 | Coc:7    | Got the Almanac of Bloody Assembling
 94492 | Coc:7    | Got an icy rune of Zot
 94915 | Zig:1    | Entered Level 1 of a ziggurat
 94933 | Zig:2    | Entered Level 2 of a ziggurat
 94945 | Zig:2    | Reached skill level 5 in Fire Magic
 94949 | Zig:3    | Entered Level 3 of a ziggurat
 94951 | Zig:3    | Reached skill level 15 in Invocations
 94962 | Zig:4    | Entered Level 4 of a ziggurat
 94976 | Zig:5    | Entered Level 5 of a ziggurat
 94980 | Zig:5    | Found the +3 warlock's mirror {omnireflect}
 94994 | Zig:5    | Acquired the ring "Huonusot" {Will+ rCorr Str+3 Int+2}
 95008 | Zig:6    | Entered Level 6 of a ziggurat
 95011 | Zig:6    | Found the +11 plutonium sword {Contam Stlth-}
 95024 | Zig:6    | Identified the +5 ice dragon scales of the Fisher {Rampage
                  | Fly rF- rC++ Will- Dex+4}
 95036 | Zig:7    | Entered Level 7 of a ziggurat
 95040 | Zig:7    | Found the dreamshard necklace {*Dream Drain}
 95092 | Zig:7    | Identified the +3 battleaxe of Raoghiuh {drain, Fragile
                  | Dex+3}
 95114 | Zig:8    | Entered Level 8 of a ziggurat
 95212 | Zig:9    | Entered Level 9 of a ziggurat
 95233 | Zig:9    | Identified the +10 short sword of Qusat {drain, rN+ Dex+4}
 95280 | Zig:9    | Identified the +0 great sword of the Old World {elec, rF+
                  | Dex+3}
 95281 | Zig:9    | Identified the +11 arbalest "Killer Bee's Curse" {drain,
                  | rPois rCorr}
 95310 | Zig:10   | Entered Level 10 of a ziggurat
 95323 | Zig:10   | Reached skill level 27 in Fighting
 95340 | Zig:10   | Got the Secrets of Reformed Exhalation
 95346 | Zig:10   | Identified the +2 cloak "Xueloyff" {rPois rCorr Slay+3}
 95381 | Zig:11   | Entered Level 11 of a ziggurat
 95389 | Zig:11   | Noticed a juggernaut
 95396 | Zig:11   | Killed a juggernaut
 95453 | Zig:11   | Identified the +1 short sword of Youthful Indiscretion
                  | {elec, Str+5}
 95458 | Zig:11   | Identified the +1 shortbow "Fonwap" {flame, rF+}
 95498 | Zig:12   | Entered Level 12 of a ziggurat
 95505 | Zig:12   | Noticed a royal mummy
 95505 | Zig:12   | Noticed a royal mummy
 95510 | Zig:12   | Killed a royal mummy
 95512 | Zig:12   | Killed a royal mummy
 95623 | Zig:12   | Identified the +7 scale mail of Card Tricks {rPois rF- SInv
                  | Stlth-}
 95665 | Zig:13   | Entered Level 13 of a ziggurat
 95679 | Zig:13   | Noticed Zaidgh the pandemonium lord
 95689 | Zig:13   | Killed Zaidgh the pandemonium lord
 95763 | Zig:14   | Entered Level 14 of a ziggurat
 95779 | Zig:14   | Found the +4 skin of Zhor {*Englaciate rC+++ SInv}
 95779 | Zig:14   | Found the +8 storm bow {elec, penet}
 95802 | Zig:14   | Identified the ring "Wadadgh" {rElec rPois Str+2 Int+6
                  | Dex-4}
 95811 | Zig:14   | Identified the +2 falchion "Demaexka" {vamp, rElec Int+4}
 95815 | Zig:15   | Entered Level 15 of a ziggurat
 95832 | Zig:15   | Found the +9 sword of Power {lifebolt}
 95832 | Zig:15   | Found the +8 demon trident "Rift" {distort, reach+}
 95901 | Zig:15   | Identified the +1 pair of gloves "Irchuchi" {Rampage rElec
                  | Dex+5 Slay-4}
 95906 | Zig:16   | Entered Level 16 of a ziggurat
 95997 | Zig:16   | Identified the +7 war axe of Disaster {flame, rC+ Will+
                  | SInv Stlth+}
 96106 | Zig:17   | Entered Level 17 of a ziggurat
 96376 | Zig:18   | Entered Level 18 of a ziggurat
 96392 | Zig:18   | Found the amulet of Vitality {RegenMP++ Regen++}
 96677 | Zig:18   | Identified the amulet of Ogualoe {Faith *Slow rN+ MP+9}
 96679 | Zig:18   | Identified the +8 halberd "Deubykhen" {freeze, rElec Dex+7}
 96691 | Zig:18   | Identified the +5 mace of Ysielet {chaos, Will+}
 96768 | Zig:18   | Saving game... please wait.
 96785 | Zig:19   | Entered Level 19 of a ziggurat
 96791 | Zig:19   | Noticed an orb of fire
 96793 | Zig:19   | Noticed an orb of fire
 96794 | Zig:19   | Noticed an orb of fire
 96797 | Zig:19   | Killed an orb of fire
 96797 | Zig:19   | Noticed an orb of fire
 96800 | Zig:19   | Noticed an orb of fire
 96800 | Zig:19   | Gained mutation: You are vulnerable to cold. (rC-) [an orb
                  | of fire]
 96801 | Zig:19   | Noticed an orb of fire
 96802 | Zig:19   | Killed an orb of fire
 96803 | Zig:19   | Killed an orb of fire
 96805 | Zig:19   | Noticed an orb of fire
 96805 | Zig:19   | Gained mutation: You occasionally lose the ability to drink
                  | potions when taking damage. [an orb of fire]
 96808 | Zig:19   | Killed an orb of fire
 96813 | Zig:19   | Killed an orb of fire
 96817 | Zig:19   | Killed an orb of fire
 96817 | Zig:19   | Killed an orb of fire
 97122 | Zig:19   | Found the +7 great mace "Firestarter" {flame, inner flame,
                  | rFlCloud rF++}
 97123 | Zig:19   | Found the +2 pair of slick slippers {slick, slippery, EV+5}
 97128 | Zig:19   | Got Gavonki's Atlas of the Cure
 97144 | Zig:19   | Identified the +8 dagger "Keapoodu" {pain, rF++ rC+ Stlth+}
 97145 | Zig:19   | Identified the +7 flail of the Growing Gods {freeze, rF+
                  | rCorr Str+3 Stlth+}
 97146 | Zig:19   | Identified the +0 scale mail of Divine Intervention {Harm
                  | rCorr MP+9 Int-3}
 97149 | Zig:19   | Identified the ring "Pydeer" {rElec MP+9}
 97156 | Zig:20   | Entered Level 20 of a ziggurat
 97187 | Zig:20   | Identified the amulet "Weoceg" {Acrobat rF- Str+6 Dex+3}
 97189 | Zig:20   | Identified the ring "Gaph" {Fly rElec Str-4 Int+4 Dex+6}
 97197 | Zig:20   | Identified the +2 short sword "Juxop" {elec, rF- Int+5
                  | Dex+5}
 97209 | Zig:21   | Entered Level 21 of a ziggurat
 97234 | Zig:21   | Noticed an ancient lich
 97239 | Zig:21   | Killed an ancient lich
 97256 | Zig:21   | Found the macabre finger necklace {Finger+ rN+}
 97278 | Zig:21   | Got Tur Joka's Elucidation of the Neverending Mystics
 97281 | Zig:21   | Identified the +4 flail "Ziahie Apnih" {vamp, Fly Int-2
                  | Dex+3}
 97385 | Zig:21   | Lost mutation: You occasionally lose the ability to drink
                  | potions when taking damage. [potion of mutation]
 97385 | Zig:21   | Lost mutation: Your spells are a little harder to cast, but
                  | a little more powerful. [potion of mutation]
 97385 | Zig:21   | Lost mutation: You are vulnerable to cold. (rC-) [potion of
                  | mutation]
 97385 | Zig:21   | Gained mutation: Your spells are a little easier to cast,
                  | but a little less powerful. [potion of mutation]
 97385 | Zig:21   | Gained mutation: You have hidden genetic potential. [potion
                  | of mutation]
 97385 | Zig:21   | Gained mutation: One of your tentacles bears a spike.
                  | [potion of mutation]
 97385 | Zig:21   | Gained mutation: Your mind is acute. (Int +4, Str/Dex -1)
                  | [potion of mutation]
 97386 | Zig:21   | Lost mutation: You are frail. (-10% HP) [potion of
                  | mutation]
 97386 | Zig:21   | Lost mutation: Your spells are a little easier to cast, but
                  | a little less powerful. [potion of mutation]
 97386 | Zig:21   | Lost mutation: One of your tentacles bears a spike. [potion
                  | of mutation]
 97386 | Zig:21   | Gained mutation: Your natural rate of healing is unusually
                  | fast. [potion of mutation]
 97393 | Zig:22   | Entered Level 22 of a ziggurat
 97412 | Zig:22   | Noticed a dread lich
 97412 | Zig:22   | Noticed an ancient lich
 97414 | Zig:22   | Noticed a dread lich
 97414 | Zig:22   | Noticed an ancient lich
 97414 | Zig:22   | Noticed an ancient lich
 97414 | Zig:22   | Noticed an ancient lich
 97414 | Zig:22   | Noticed an ancient lich
 97414 | Zig:22   | Noticed an ancient lich
 97418 | Zig:22   | Killed a dread lich
 97420 | Zig:22   | Killed an ancient lich
 97420 | Zig:22   | Killed a dread lich
 97421 | Zig:22   | Killed an ancient lich
 97422 | Zig:22   | Killed an ancient lich
 97423 | Zig:22   | Killed an ancient lich
 97424 | Zig:22   | Killed an ancient lich
 97425 | Zig:22   | Killed an ancient lich
 97462 | Zig:22   | Identified the +0 hand axe "Ogrebane" {flame, rCorr Str+4
                  | Dex+5}
 97470 | Zig:22   | Identified the +12 hand axe "Zit Tin" {vamp, rElec rF+
                  | Will- Int+3}
 97472 | Zig:22   | Identified the +5 flail of the Thing {pain, rCorr}
 97526 | Zig:23   | Entered Level 23 of a ziggurat
 97548 | Zig:23   | Found the +8 mithril axe "Arga" {speed, Will+}
 97552 | Zig:23   | Reached skill level 15 in Conjurations
 97555 | Zig:23   | Identified the +8 scimitar of Midsummer {freeze, rF+++ rN+
                  | Str-2 Int+4}
 97563 | Zig:23   | Got the Catalogue of Glamour and Contamination
 97580 | Zig:23   | Identified the +1 robe of the Engineer {rC- MP+9 Stlth+
                  | Archmagi}
 97583 | Zig:24   | Entered Level 24 of a ziggurat
 97605 | Zig:24   | Paralysed by accursed screaming for 2 turns
 97611 | Zig:24   | Paralysed by accursed screaming for 2 turns
 97613 | Zig:24   | Gained mutation: You occasionally lose the ability to drink
                  | potions when taking damage. [a neqoxec]
 97626 | Zig:24   | Gained mutation: Your muscles are strong. (Str +4, Int/Dex
                  | -1) [hidden potential]
 97628 | Zig:24   | Found the +3 crown of Dyrovepreva {rElec Int+2 SInv}
 97637 | Zig:24   | Identified the +6 spear of Jegijime {drain, Will+ rCorr
                  | Int+3}
 97642 | Zig:24   | Identified the ring of Molupyki {*Corrode rC+ Will+ EV+5
                  | SInv}
 97665 | Zig:24   | Learned a level 9 spell: Chain Lightning
 97674 | Zig:24   | Identified the +3 great sword "Dairugh" {spect, rPois
                  | Str+5}
 97678 | Zig:24   | Identified the +0 flail of Excruciating Pain {flame, rPois
                  | rN+ Will+ Stlth+}
 97681 | Zig:24   | Identified the +1 shortbow "Icwott" {drain, rF+}
 97820 | Zig:25   | Entered Level 25 of a ziggurat
 97843 | Zig:25   | Reached skill level 27 in Spellcasting
 97861 | Zig:25   | Found the +10 dark maul {heavy}
 97879 | Zig:25   | Identified the +7 dire flail of Impeachment {vamp, rC-
                  | rCorr Dex+2}
 97882 | Zig:25   | Identified the +5 dagger of Destiny {flame, rElec Will+
                  | Int+2}
 97883 | Zig:25   | Identified the +8 quarterstaff of the New World {freeze,
                  | +Blink rElec rF+ Dex+2}
 98042 | Zig:26   | Entered Level 26 of a ziggurat
 98128 | Zig:26   | Identified the +0 chain mail of Vaonyul {Int+4 Dex+5}
 98138 | Zig:26   | Identified the ring "Wosyfala" {Fly Dex+8}
 98147 | Zig:26   | Identified the ring "Guaruheo" {Fly Dex+2}
 98274 | Zig:27   | Entered Level 27 of a ziggurat
 98286 | Zig:27   | Noticed a juggernaut
 98288 | Zig:27   | Killed a juggernaut
 98289 | Zig:27   | Noticed a juggernaut
 98293 | Zig:27   | Noticed a juggernaut
 98294 | Zig:27   | Noticed a juggernaut
 98295 | Zig:27   | Noticed a juggernaut
 98296 | Zig:27   | Noticed a juggernaut
 98297 | Zig:27   | Killed a juggernaut
 98298 | Zig:27   | Killed a juggernaut
 98298 | Zig:27   | Noticed a juggernaut
 98298 | Zig:27   | Noticed a juggernaut
 98299 | Zig:27   | Killed a juggernaut
 98300 | Zig:27   | Killed a juggernaut
 98300 | Zig:27   | Killed a juggernaut
 98300 | Zig:27   | Noticed a juggernaut
 98302 | Zig:27   | Killed a juggernaut
 98304 | Zig:27   | Killed a juggernaut
 98304 | Zig:27   | Noticed a juggernaut
 98305 | Zig:27   | Killed a juggernaut
 98305 | Zig:27   | Noticed a juggernaut
 98306 | Zig:27   | Killed a juggernaut
 98307 | Zig:27   | Noticed a juggernaut
 98311 | Zig:27   | Killed a juggernaut
 98313 | Zig:27   | Killed a juggernaut
 98321 | Zig:27   | Gained mutation: Your muscles are very strong. (Str +8,
                  | Int/Dex -2) [hidden potential]
 98321 | Zig:27   | Lost mutation: You have hidden genetic potential. [hidden
                  | potential expressed]
 98534 | Zig:27   | Identified the +9 hand axe "Orukiru" {spect, rElec}
 98548 | Zig:27   | Identified the +0 robe of Feonach {+Inv rElec Slay+4
                  | Stlth-}
 98550 | Zig:27   | Identified the amulet "Javuink" {Spirit Fly rElec rF-
                  | Int+8}
 98578 | Zig:27   | Saving game... please wait.
 98858 | Tomb:1   | Entered Level 1 of the Tomb of the Ancients
 98990 | Tomb:1   | Reached skill level 27 in Unarmed Combat
 99040 | Tomb:1   | Noticed a royal mummy
 99048 | Tomb:1   | Killed a royal mummy
 99300 | Tomb:1   | Noticed a royal mummy
 99306 | Tomb:1   | Killed a royal mummy
 99311 | Tomb:1   | Noticed a royal mummy
 99314 | Tomb:1   | Killed a royal mummy
 99877 | Tomb:2   | Noticed a royal mummy
 99877 | Tomb:2   | Noticed a royal mummy
 99878 | Tomb:2   | Noticed a royal mummy
 99878 | Tomb:2   | Noticed a royal mummy
 99884 | Tomb:2   | Killed a royal mummy
 99889 | Tomb:2   | Killed a royal mummy
 99892 | Tomb:2   | Killed a royal mummy
 99892 | Tomb:2   | Killed a royal mummy
100067 | Tomb:2   | Identified the ring "Cizic" {MP+9 Str+5 Int-4 Dex-4 SInv}
100507 | Tomb:1   | Noticed a royal mummy
100507 | Tomb:1   | Noticed a royal mummy
100507 | Tomb:1   | Noticed a royal mummy
100507 | Tomb:1   | Noticed a royal mummy
100507 | Tomb:1   | Noticed a royal mummy
100507 | Tomb:1   | Noticed a royal mummy
100510 | Tomb:1   | Killed a royal mummy
100510 | Tomb:1   | Killed a royal mummy
100511 | Tomb:1   | Killed a royal mummy
100512 | Tomb:1   | Killed a royal mummy
100513 | Tomb:1   | Killed a royal mummy
100513 | Tomb:1   | Killed a royal mummy
100515 | Tomb:1   | Noticed a royal mummy
100520 | Tomb:1   | Killed a royal mummy
100526 | Tomb:1   | Noticed a royal mummy
100829 | Tomb:1   | Noticed a royal mummy
100833 | Tomb:1   | Killed a royal mummy
100836 | Tomb:1   | Noticed a royal mummy
100838 | Tomb:1   | Killed a royal mummy
100852 | Tomb:1   | Killed a royal mummy
100946 | Tomb:1   | Noticed a royal mummy
100951 | Tomb:1   | Killed a royal mummy
100952 | Tomb:1   | Noticed a royal mummy
100954 | Tomb:1   | Noticed a royal mummy
100955 | Tomb:1   | Noticed a royal mummy
100956 | Tomb:1   | Killed a royal mummy
100957 | Tomb:1   | Noticed a royal mummy
100960 | Tomb:1   | Killed a royal mummy
100960 | Tomb:1   | Killed a royal mummy
100960 | Tomb:1   | Killed a royal mummy
101187 | Tomb:2   | Saving game... please wait.
101187 | Tomb:2   | Upgraded the game from 0.30-a0-737-gf23d94013f to
                  | 0.30-a0-738-g116ff8c4af
101496 | Tomb:3   | Entered Level 3 of the Tomb of the Ancients
101511 | Tomb:3   | Noticed a royal mummy
101512 | Tomb:3   | Noticed a royal mummy
101521 | Tomb:3   | Killed a royal mummy
101527 | Tomb:3   | Killed a royal mummy
101529 | Tomb:3   | Noticed a royal mummy
101531 | Tomb:3   | Noticed a royal mummy
101533 | Tomb:3   | Killed a royal mummy
101542 | Tomb:3   | Noticed a royal mummy
101545 | Tomb:3   | Killed a royal mummy
101548 | Tomb:3   | Killed a royal mummy
101557 | Tomb:3   | Noticed a royal mummy
101562 | Tomb:3   | Noticed a royal mummy
101562 | Tomb:3   | Noticed a royal mummy
101563 | Tomb:3   | Killed a royal mummy
101563 | Tomb:3   | Noticed a royal mummy
101781 | Tomb:3   | Killed a royal mummy
101785 | Tomb:3   | Killed a royal mummy
101786 | Tomb:3   | Killed a royal mummy
101861 | Tomb:3   | Found the +5 glaive of the Guard {elec, spectral, AC+5}
101878 | Tomb:3   | Identified the ring of Lumm {Int+5 Dex-5 Slay+4}
101880 | Tomb:3   | Identified the ring of Seatun {Fly rN+ Str-2 Slay+3}
101882 | Tomb:3   | Got the Volume of the Plateau and Oxidation
101885 | Tomb:3   | Identified the ring of Nipupiats {EV+5 Stlth+}
102227 | Tomb:3   | Got a golden rune of Zot
102280 | Tomb:3   | Identified the +4 flail of the Warrior {holy, Str+5}
102294 | Tomb:3   | Identified the +8 flail of Ramuupen {freeze, rC++}
102836 | Zot:5    | Entered Level 5 of the Realm of Zot
102860 | Zot:5    | Learned a level 1 spell: Apportation
102870 | Zot:5    | Noticed an orb of fire
102876 | Zot:5    | Killed an orb of fire
103082 | Zot:5    | Noticed a dread lich
103086 | Zot:5    | Noticed an orb of fire
103089 | Zot:5    | Noticed an orb of fire
103094 | Zot:5    | Killed an orb of fire
103099 | Zot:5    | Killed an orb of fire
103100 | Zot:5    | Noticed a dread lich
103104 | Zot:5    | Killed a dread lich
103105 | Zot:5    | Killed a dread lich
103109 | Zot:5    | Noticed an orb of fire
103112 | Zot:5    | Noticed a dread lich
103114 | Zot:5    | Killed an orb of fire
103115 | Zot:5    | Killed a dread lich
103312 | Zot:5    | Noticed a dread lich
103316 | Zot:5    | Killed a dread lich
103441 | Zot:5    | Noticed an orb of fire
103450 | Zot:5    | Killed an orb of fire
103939 | Zot:5    | Got the Orb of Zot
104069 | Zot:1    | Noticed Ryfei the pandemonium lord
104075 | Zot:1    | Killed Ryfei the pandemonium lord
104117 | Depths:4 | Noticed Koveiw the pandemonium lord
104122 | Depths:4 | Killed Koveiw the pandemonium lord
104232 | D:12     | Noticed Uneuwiu the pandemonium lord
104502 | D:$      | Escaped with the Orb!

Illustrated notes

Levels and vault maps discovered:
D:1:      heliophobic_arrival_enchanted_forest, layout_rooms, minmay_octomino_c4
D:2:      layout_basic, st_stairs_3
D:3:      layout_basic, mainiacjoe_overflow_alcove_1, uniq_crazy_yiuf_cottage
D:4:      layout_rooms, minmay_temple_entry_offerings, uniq_robin
D:5:      layout_rooms, uniq_blork_the_orc, uniq_eustachio
D:6:      layout_basic, mainiacjoe_overflow_surrounded_room,
          amcnicky_altar_gilded, minmay_overflow_temple_star_hex,
          nicolae_overflow_two_pavilions, serial_shops,
          nicolae_shop_hallway_plus, uniq_maggie, uniq_grinder
D:7:      layout_basic, lemuel_tele_altar, ebering_ghost_rock_garden
D:8:      layout_cave_pools, erik_lair_island, grunt_decor_clamped
D:9:      layout_basic, nzn_wu_jian_council_hall,
          lemuel_zombie_altar_yredelemnul, serial_corexii_hall,
          corexii_hall_statues_i, chequers_hall_statues_wall_a,
          uniq_prince_ribbit1
D:10:     layout_irregular_city, serial_shops, nicolae_shop_advertising_works
          [nicolae_subvault_shop_adworks], nicolae_shop_trees,
          nicolae_square_shop, shop, nzn_ghost_randoct, uniq_erolcha
D:11:     layout_small_grid, portal_ice_cave_entry_animals_and_master,
          uniq_erica
D:12:     layout_irregular_city, erik_orc_2, kb_lookout_dungeons_type,
          minmay_quadrilaterals, uniq_sonja
D:13:     layout_stronghold
D:14:     layout_basic, ximxim_vaults_locker_room, grunt_decor_cap,
          einodemon_barbed_minivault
D:15:     hangedman_depths_entry_try_elsewhere_first, layout_loops_ring,
          serial_shops, nicolae_shop_trees, chequers_serial_rivers_large_a,
          minmay_guarded_unrand_wrath_of_trog, uniq_rupert
Temple:   nicolae_temple_bog_church
Lair:1:   layout_small_grid
Lair:2:   beast_lair_carwin_large_1, layout_cave_pods,
          skrybe_swamp_entry_bodies, minmay_snake_entry_spellcaster,
          gauntlet_entry_generic, nicolae_quartered_pool_super, uniq_nergalle,
          uniq_harold
Lair:3:   layout_hall_layers, minmay_shattered_shrine, grunt_megastairs_4
Lair:4:   layout_layer_cave, cheibrodos_lair_reptile_den, uniq_snorg
Lair:5:   minmay_lair_end_enchanted_forest, layout_hall_layers, slime_entry_1,
          pdpol_lair_cavern_descent, serial_bayou_shore_a
Swamp:1:  layout_basic_swamp, evilmike_swamp_ruin_house_6, uniq_frances,
          uniq_mlioglotl
Swamp:2:  layout_basic_swamp, nicolae_swamp_well_well_well, swamp_pool3,
          nicolae_swamp_big_swirl, infiniplex_staircase_pool_2, uniq_kirke
Swamp:3:  layout_falls_marsh, serial_swamp_ruin, evilmike_swamp_ruin_rubble_1,
          evilmike_swamp_ruin_house_3, evilmike_swamp_ruin_house_2,
          uniq_bai_suzhen
Swamp:4:  swamp_alternative, layout_basic_swamp, uniq_donald
Snake:1:  nicolae_snake_attic_fulla_snakes, layout_cave_shapes,
          nicolae_snake_gridmaze_spiral
Snake:2:  layout_cave_pods, nrook_loot_triangle
Snake:3:  layout_misc_corridors, drop_trap, nicolae_snake_squiggles, uniq_aizul
Snake:4:  minmay_snake_end_coiled, layout_misc_corridors, uniq_saint_roka
Slime:1:  layout_caves
Slime:2:  layout_caves, basic_altar
Slime:3:  layout_caves, nicolae_slime_phagocytosis
Slime:4:  layout_caves
Slime:5
Orc:1:    cheibrodos_orc_bank, layout_caves, rock_pile
Orc:2:    grunt_orc_tribal_feast, layout_diamond_mine
Elf:1:    minmay_elf_arrival_plus, layout_loops_cross, serial_shops, shop,
          kennysheep_underground_church, uniq_zenata, uniq_jorgrun
Elf:2:    elven_hall_of_blades_hangedman_original
          [nicolae_vaults_blade_armed_guards], layout_geoelf_diagonals,
          serial_shops, shop_fountains
Elf:3:    nooodl_elf_gasket, layout_loops_corners, serial_shops,
          nicolae_shop_overgrown_old_shop, shop, shop,
          nicolae_shop_overgrown_old_shop, shop, basic_altar, guppyfry_elf_lava
Vaults:1: grunt_vaults_funnel, ontoclasm_vaults_ligature,
          nicolae_vaults_meeting, nicolae_vaults_specimen_jars,
          hangedman_vaults_stretched_pinwheel, v_pattern_4, v_misc_11,
          vaults_dpeg_encased_lava, layout_vaults_ring
Vaults:2: nicolae_vaults_border_crossing, nicolae_vaults_angled_halls,
          minmay_crypt_entry_simple_corners, vaults_room_semicircle,
          ontoclasm_vaults_bender, vaults_standard_mumra_x, v_rooms_4,
          vaults_room_fours, vaults_mumra_hex, layout_vaults_quadrants,
          uniq_jory
Vaults:3: hangedman_vaults_pinch, v_misc_27, ontoclasm_vaults_claustrophobia,
          v_misc_25, hangedman_vaults_snaps, hangedman_vaults_slice,
          serial_ice_b, vaults_room_semicircle,
          vaults_mumra_minichess_inversion, ontoclasm_vaults_shuriken,
          layout_vaults_big_room
Vaults:4: vaults_mumra_hexcomb, st_star, grunt_vaults_swirl,
          dpeg_vaults_monster_box, vaults_dpeg_spiral, ontoclasm_vaults_eye,
          ontoclasm_vaults_twist, vaults_room_corners,
          vaults_room_grunt_arrival_checkpoint, layout_vaults_omnicross,
          serial_glass, uniq_mennas, uniq_margery
Vaults:5
Crypt:1:  layout_rooms, weyrava_lich_vault
Crypt:2:  layout_basic, uniq_khufu, uniq_xtahua
Crypt:3:  church_of_pain_bobbens, layout_chaotic_city,
          nicolae_tomb_entry_unfolded_pyramid_diagonal
Tomb:1
Tomb:2
Tomb:3
Depths:1: nzn_winding_woodlands_cross [nzn_winding_woodlands_5x15_crooked,
          nzn_winding_woodlands_5x15_eye, nzn_winding_woodlands_5x15_pool,
          nzn_winding_woodlands_5x15_concentric,
          nzn_winding_woodlands_15x15_thick_spiral], layout_cross,
          kennysheep_cross_room, hell_entry, nicolae_shop_self_help,
          minmay_shop_grove
Depths:2: minmay_distorted_concentric_squares, layout_honeycomb,
          enter_ziggurat_b, hell_entry, abyss_entry, serial_shops, shop,
          hangedman_decor_peaks_small, pan_entry, chequers_big_river,
          kennysheep_okawaru_gauntlet, infiniplex_staircase_pool_1
Depths:3: minmay_angry_zag, layout_gridville, chequers_serial_rivers_marsh,
          pan_entry, pf_vacation_house_of_asmodeus, serial_shops, shop,
          abyss_entry, hangedman_ru_absence, grunt_megastairs_3,
          roderic_lattice_octagonal_star
Depths:4: grunt_x_marks_the_spot, layout_twisted_cross, grunt_mini_vestibule,
          grunt_pan_entry_in_and_out, serial_shops, bzr_entry_road,
          ashenzari_conservatory_becter, uniq_parghit
Hell
Dis:1:    layout_gridville, serial_glass, glass_columns_a, glass_columns_c
Dis:2:    kennysheep_iron_temple, layout_gridville
Dis:3:    layout_gridville
Dis:4:    layout_subdivisions
Dis:5:    layout_jigsaw, hangedman_dis_chains
Dis:6:    layout_subdivisions, nicolae_hells_fiendish_ambush
Dis:7:    iron_city_of_dis [dis_grunt, dis_wall_3], layout_gridville
Geh:1:    layout_gehenna_lava_caves
Geh:2:    layout_gehenna_lava_caves
Geh:3:    layout_gehenna_pools_basic
Geh:4:    layout_gehenna_lava_caves
Geh:6:    layout_gehenna_lava_caves
Geh:7:    geh_old
Coc:1:    layout_cocytus_delve
Coc:2:    layout_cocytus_water_paths
Coc:3:    layout_cocytus_water_paths
Coc:4:    layout_cocytus_delve, nicolae_hells_hurtin_island
Coc:5:    layout_ice_bergs
Coc:6:    layout_cocytus_water_paths
Coc:7:    coc_mu
Tar:1:    layout_grid_maze
Tar:2:    layout_honeycomb
Tar:3:    layout_grid_maze
Tar:4:    layout_cathedral_of_symmetry
Tar:5:    layout_cathedral_of_symmetry
Tar:6:    layout_grid_maze
Tar:7:    tar_mu [tar_mu_maze]
Zot:1:    evilmike_crystal_ball_defense, layout_onion, uniq_grunn
Zot:2:    circus_mu, layout_cathedral_of_symmetry, uniq_tiamat
Zot:3:    layout_misc_corridors
Zot:4:    layout_twisted_circle
Zot:5:    layout_misc_corridors, guppyfry_library_mini

Skill      XL: |  1  2  3  4  5  6  7  8  9 10 11 12 13 14 15 16 17 18 19 20 21 22 23 24 25 26 27 |
---------------+----------------------------------------------------------------------------------+-----
Ice Magic      | 1 2 3 4 6 7 21 | 21.0
Transmutations | 3 4 5 6 7 9 10 11 12 14 15 16 17 25 | 25.3
Evocations     | 1 2 3 6 8 |  8.7
Shields        | 2 3 4 5 6 7 8 12 | 12.7
Fighting       | 2 3 4 5 6 7 8 9 10 11 13 14 15 16 17 27 | 27.0
Dodging        | 3 4 5 7 9 11 12 13 14 23 | 23.8
Unarmed Combat | 4 5 7 9 10 11 12 13 14 16 18 19 27 | 27.0
Earth Magic    | 2 8 10 11 12 | 12.0
Invocations    | 2 4 5 7 8 9 10 11 12 19 | 19.4
Spellcasting   | 4 5 6 7 8 9 11 12 13 14 15 27 | 27.0
Air Magic      | 7 12 14 15 16 17 25 | 25.4
Translocations | 3 7 8 14 | 14.0
Conjurations   | 10 13 23 | 23.7
Hexes          | 7 11 12 | 12.0
Fire Magic     | 9 |  9.0
Stealth        | 7 |  7.3

Action                     |  1- 3 |  4- 6 |  7- 9 | 10-12 | 13-15 | 16-18 | 19-21 | 22-24 | 25-27 || total
---------------------------+-------+-------+-------+-------+-------+-------+-------+-------+-------++-------
  Melee: Unarmed           |    61 |   151 |   157 |   386 |   763 |   877 |   847 |   871 |  5050 ||  9163
         Kick              |    18 |     9 |     5 |       |       |       |       |       |       ||    32
         Constrict         |    19 |    25 |     6 |    32 |   100 |    27 |     2 |       |     7 ||   218
         Tentacles         |     9 |    20 |     7 |    79 |   192 |    58 |     5 |       |    10 ||   380
         Punch             |     1 |     2 |     1 |    18 |    76 |   103 |   102 |   140 |   677 ||  1120
         Staff             |       |       |       |       |       |       |       |       |    31 ||    31
   Cast: Beastly Appendage |    13 |     7 |     2 |       |       |       |       |       |       ||    22
         Wereblood         |     1 |     4 |    12 |    22 |    38 |    35 |    31 |    30 |   124 ||   297
         Ice Form          |       |     9 |    21 |    21 |    14 |       |       |       |       ||    65
         Statue Form       |       |       |       |    27 |    75 |    20 |       |       |       ||   122
         Vhi's Electric Ch |       |       |       |       |     3 |     4 |     9 |       |    59 ||    75
         Storm Form        |       |       |       |       |       |    68 |    83 |    56 |   335 ||   542
         Ozocubu's Armour  |       |       |       |       |       |     4 |     8 |     3 |     9 ||    24
         Yara's Violent Un |       |       |       |       |       |       |     7 |       |     2 ||     9
         Arcjolt           |       |       |       |       |       |       |       |     9 |    30 ||    39
         Enfeeble          |       |       |       |       |       |       |       |       |    15 ||    15
         Passage of Golubr |       |       |       |       |       |       |       |       |     6 ||     6
         Manifold Assault  |       |       |       |       |       |       |       |       |   631 ||   631
         Chain Lightning   |       |       |       |       |       |       |       |       |    40 ||    40
         Polar Vortex      |       |       |       |       |       |       |       |       |    31 ||    31
 Invoke: Divine Shield     |       |       |     2 |     2 |     4 |    16 |    19 |    11 |   114 ||   168
         Summon Divine War |       |       |       |       |       |     7 |     3 |     4 |    30 ||    44
Ability: Blinkbolt         |       |       |       |       |       |     8 |    27 |     3 |    51 ||    89
         End Transformatio |       |       |       |       |       |       |       |       |     3 ||     3
  Evoke: Wand              |       |       |     2 |       |       |       |       |       |     5 ||     7
         Phantom mirror    |       |       |       |       |       |       |       |       |     1 ||     1
    Use: Scroll            |       |    10 |     7 |     4 |     8 |     4 |     6 |     3 |    17 ||    59
         Potion            |       |       |     3 |     1 |       |     3 |     1 |     7 |    53 ||    68
   Stab: Sleeping          |     3 |     2 |       |       |       |       |       |       |       ||     5
 Armour: Skin              |     4 |    31 |    43 |   125 |   315 |   228 |   161 |   149 |   456 ||  1512
  Dodge: Dodged            |    32 |    50 |   112 |   346 |   742 |   882 |   765 |   820 |  4228 ||  7977
         Repelled          |       |       |       |       |       |       |       |     2 |    48 ||    50
  Block: Buckler           |       |     7 |     4 |   116 |   370 |    48 |    25 |     4 |       ||   574
         Reflection        |       |       |     4 |     2 |    18 |    12 |    23 |     7 |       ||    66
         Other             |       |       |     4 |     5 |    24 |   147 |   267 |   168 |   591 ||  1206

Table legend: (Time is in decaauts)
 A = Elapsed time spent in this place.
 B = Non-inter-level travel time spent in this place.
 C = Inter-level travel time spent in this place.
 D = Time resting spent in this place.
 E = Time spent auto-exploring this place.
 F = Levels seen in this place.
 G = Mean time per level.
                   A        B        C        D        E       F      G
               +--------+--------+--------+--------+--------+-----+--------+
         Total | 104828 |  98359 |   6469 |   8123 |  67233 | 137 |  765.2 |
       Dungeon |  17236 |  15715 |   1521 |   1260 |  11369 |  15 | 1149.1 |
        Temple |     12 |      7 |      5 |      0 |      0 |   1 |   12.0 |
          Lair |   8896 |   8455 |    441 |    618 |   6069 |   5 | 1779.2 |
         Swamp |   4630 |   4513 |    117 |    667 |   3147 |   4 | 1157.5 |
     Snake Pit |   5821 |   5662 |    159 |   1029 |   3802 |   4 | 1455.2 |
    Slime Pits |   1101 |    948 |    153 |    390 |     95 |   5 |  220.2 |
  Orcish Mines |   2321 |   2155 |    166 |    548 |   1313 |   2 | 1160.5 |
   Elven Halls |   5035 |   4838 |    197 |    327 |   3419 |   3 | 1678.3 |
        Vaults |   8859 |   8235 |    624 |    873 |   6069 |   5 | 1771.8 |
         Crypt |   3121 |   2740 |    381 |     10 |   2131 |   3 | 1040.3 |
          Tomb |   3577 |   3086 |    491 |    427 |   1527 |   3 | 1192.3 |
        Depths |   4843 |   3801 |   1042 |     41 |   2791 |   4 | 1210.8 |
          Hell |    838 |    772 |     66 |    142 |    335 |   1 |  838.0 |
           Dis |   3817 |   3738 |     79 |    191 |   2606 |   7 |  545.3 |
       Gehenna |   2247 |   2122 |    125 |     14 |   1533 |   6 |  374.5 |
       Cocytus |   2991 |   2823 |    168 |    369 |   1563 |   7 |  427.3 |
      Tartarus |   3697 |   3336 |    361 |    111 |   2411 |   7 |  528.1 |
           Zot |   5857 |   5491 |    366 |    298 |   4030 |   5 | 1171.4 |
         Abyss |    688 |    688 |      0 |     46 |     69 |   5 |  137.6 |
   Pandemonium |  14582 |  14582 |      0 |    329 |  10548 |  15 |  972.1 |
      Ziggurat |   3501 |   3501 |      0 |    212 |   2063 |  27 |  129.7 |
        Bazaar |    215 |    215 |      0 |      0 |    145 |   1 |  215.0 |
      Ice Cave |    247 |    247 |      0 |    169 |      0 |   1 |  247.0 |
      Gauntlet |    685 |    685 |      0 |     48 |    195 |   1 |  685.0 |
               +--------+--------+--------+--------+--------+-----+--------+

Top non-repeatable levels by time:
   Tar:7: 2626 daAuts
Vaults:4: 2600 daAuts
   Dis:7: 2177 daAuts
  Lair:3: 2169 daAuts
   Elf:3: 2109 daAuts
 Snake:4: 2088 daAuts
  Lair:5: 2033 daAuts
  Lair:2: 1936 daAuts
   Elf:2: 1925 daAuts
  Tomb:1: 1886 daAuts
Vaults:2: 1819 daAuts
    D:15: 1774 daAuts
Vaults:1: 1671 daAuts
  Lair:4: 1627 daAuts
Depths:3: 1606 daAuts
